 Dungeon Crawl Stone Soup version 0.30-a0-739-gea05faddec (webtiles) character file.

Game seed: 1457664449119390071

1017165 scionoferis the Acrobat (level 27, -3/251 HPs)
             Began as a Demigod Hexslinger on Jan 31, 2023.
             Killed by dispel undead
             ... invoked by Gloorx Vloq
              (40 damage)
             ... in Pandemonium on Feb 5, 2023.
             The game lasted 13:49:41 (132248 turns).

scionoferis the Acrobat (Demigod Hexslinger)      Turns: 132248, Time: 13:49:42

Health: -3/251     AC: 23    Str: 17    XL:     27
Magic:  48/48      EV: 68    Int: 23    God:
Gold:   6485       SH:  5    Dex: 52    Spells: 3/56 levels left

rFire   + + .      SeeInvis +    a - +9 triple sword (elec)
rCold   + + +      Faith    .    (shield currently unavailable)
rNeg    + + +      Spirit   .    l - +4 skin of Zhor {*Englaciate rC+++ SInv}
rPois   ∞          Reflect  +    U - +1 helmet "Uzes" {Rampage rElec SInv}
rElec   +          Harm     .    I - +2 cloak of the Thief {*Fog Slay-2 SInv Stlth+}
rCorr   .          Rampage  +    B - +3 pair of gauntlets of War {Slay+5}
Will    ++++.                    i - +2 pair of slick slippers {slick, slippery, EV+5}
Stlth   ++++++++++               k - amulet "Yganlaig" {Reflect Will+ Regen+ SH+5}
HPRegen 1.41/turn                w - ring "Juuruys" {rF+ Str+6 Dex+4}
MPRegen 0.31/turn                e - +6 ring of dexterity

@: lich-form, studying Short Blades
A: draining attack, torment immunity, no potions, high MP 1, forlorn, divine
attributes, talons 1, fire resistance 1, poison resistance
}: 8/15 runes: barnacled, slimy, silver, abyssal, demonic, glowing, fiery,
gossamer
a: End Transformation


You were in Pandemonium.
You were an undead lich.
You visited 13 branches of the dungeon, and saw 57 of its levels.
You visited Pandemonium 2 times, and saw 13 of its levels.
You visited the Abyss 3 times.
You visited 1 bazaar.
You also visited: Trove, Ice Cave and Wizlab.

You collected 11805 gold pieces.
You spent 5320 gold pieces at shops.


Innate Abilities, Weirdness & Mutations

You are an undead lich.
Your unarmed attacks are suffused with negative energy.
You are immune to unholy pain and torment.
Your necromantic spells are more powerful.
You cannot drink.
You have an increased reservoir of magic. (+10% MP)
You shall have no god before yourself.
Your divine heritage dramatically boosts your attributes as you level up.
You have sharp toenails.
Your flesh is heat resistant. (rF+)
Your system is resistant to poisons. (rPois)


   Skills:
 + Level 21.5 Fighting
 - Level 22.0 Long Blades
 - Level 22.0 Ranged Weapons
 + Level 25.2 Dodging
 - Level 18.0 Stealth
 + Level 15.4 Spellcasting
 - Level 5.0 Conjurations
 * Level 10.3 Hexes
 - Level 20.0 Necromancy
 - Level 8.0 Translocations
 - Level 20.0 Transmutations
 - Level 5.0 Air Magic
 - Level 15.0 Evocations


You had 3 spell levels left.
You knew the following spells:

 Your Spells              Type           Power      Damage    Failure   Level
a - Slow                  Hex            100%       N/A       1%          1
b - Apportation           Tloc           100%       N/A       1%          1
c - Portal Projectile     Hex/Tloc       100%       N/A       1%          3
d - Passage of Golubria   Tloc           53%        N/A       1%          4
e - Lesser Beckoning      Tloc           100%       N/A       1%          2
f - Death Channel         Necr           52%        N/A       1%          6
g - Passwall              Tmut/Erth      49%        N/A       1%          2
h - Yara's Violent Unrav  Hex/Tmut       36%        3d15      1%          5
i - Necromutation         Tmut/Necr      52%        N/A       6%          8
j - Irradiate             Conj/Tmut      33%        3d22      1%          5
k - Blink                 Tloc           100%       N/A       1%          2
l - Animate Dead          Necr           100%       N/A       0%          4
m - Manifold Assault      Tloc           53%        N/A       1%          4
n - Vhi's Electric Charg  Tloc/Air       94%        N/A       1%          3
o - Swiftness             Air            40%        N/A       1%          3

Your spell library contained the following spells:

 Spells                   Type           Power      Damage    Failure   Level
 Beastly Appendage        Tmut           100%       N/A       0%          1
 Necrotise                Necr           100%       1d9       0%          1
 Sublimation of Blood     Necr           100%       N/A       0%          2
 Wereblood                Tmut           83%        N/A       0%          2
 Vampiric Draining        Necr           100%       2d13      0%          3
 Kiss of Death            Conj/Necr      100%       2d13      1%          1
 Magic Dart               Conj           100%       1d8       1%          1
 Shock                    Conj/Air       100%       1d9       1%          1
 Sting                    Tmut/Pois      100%       1d8       1%          1
 Cigotuvi's Dreadful Rot  Necr/Pois/Air  100%       N/A       1%          2
 Poisonous Vapours        Pois/Air       58%        N/A       1%          2
 Static Discharge         Conj/Air       80%        2-6/arc   1%          2
 Confusing Touch          Hex            60%        N/A       1%          3
 Dazzling Flash           Conj/Hex       100%       N/A       1%          3
 Gell's Gravitas          Tloc           53%        N/A       1%          3
 Ignite Poison            Fire/Tmut/Pois 48%        N/A       1%          3
 Inner Flame              Hex/Fire       41%        N/A       1%          3
 Kindle Blastsparks       Fire/Tloc/Air  74%        2d16      1%          3
 Spider Form              Tmut/Pois      59%        N/A       1%          3
 Summon Guardian Golem    Hex/Summ       41%        N/A       1%          3
 Teleport Other           Tloc           53%        N/A       1%          3
 Tukima's Dance           Hex            60%        N/A       1%          3
 Mephitic Cloud           Conj/Pois/Air  33%        N/A       2%          3
 Freeze                   Ice            68%        1d8       3%          1
 Sandblast                Erth           34%        2d9       3%          1
 Summon Small Mammal      Summ           68%        N/A       3%          1
 Hailstorm                Conj/Ice       29%        3d8       3%          3
 Stone Arrow              Conj/Erth      58%        3d10      3%          3
 Call Imp                 Summ           17%        N/A       4%          2
 Call Canine Familiar     Summ           17%        N/A       10%         3
 Frozen Ramparts          Ice            34%        1d6       10%         3
 Ozocubu's Armour         Ice            17%        N/A       10%         3
 Dispel Undead            Necr           100%       3d31      0%          4
 Anguish                  Hex/Necr       46%        N/A       1%          4
 Cause Fear               Hex            30%        N/A       1%          4
 Fulminant Prism          Conj/Hex       26%        3d14      1%          4
 Ice Form                 Ice/Tmut       59%        N/A       1%          4
 Petrify                  Tmut/Erth      59%        N/A       1%          4
 Agony                    Necr           100%       N/A       1%          5
 Alistair's Intoxication  Tmut/Pois      39%        N/A       1%          5
 Blade Hands              Tmut           41%        N/A       1%          5
 Borgnjor's Vile Clutch   Necr/Erth      38%        N/A       1%          5
 Dragon Form              Tmut           41%        N/A       1%          7
 Iskenderun's Mystic Bla  Conj/Tloc      47%        2d10      2%          4
 Leda's Liquefaction      Hex/Erth       20%        N/A       3%          4
 Silence                  Hex/Air        26%        N/A       3%          5
 Airstrike                Air            20%        2d(3-19)  4%          4
 Borgnjor's Revivificati  Necr           52%        N/A       6%          8
 Infestation              Necr           52%        N/A       6%          8
 Eringya's Noxious Bog    Tmut/Pois      29%        N/A       9%          6
 Simulacrum               Ice/Necr       38%        N/A       9%          6
 Statue Form              Tmut/Erth      39%        N/A       9%          6
 Metabolic Englaciation   Hex/Ice        20%        N/A       11%         5
 Summon Mana Viper        Hex/Summ       41%        N/A       11%         5
 Flame Wave               Conj/Fire      29%        2d9       12%         4
 Sticky Flame             Conj/Fire      29%        2d5       12%         4
 Arcjolt                  Conj/Air       20%        1d30      12%         5
 Iskenderun's Battlesphe  Conj           40%        2d9       12%         5
 Lightning Bolt           Conj/Air       20%        1d35      12%         5
 Storm Form               Tmut/Air       33%        N/A       16%         7
 Summon Forest            Summ/Tloc      18%        N/A       17%         5
 Dispersal                Tloc           26%        N/A       19%         6
 Freezing Cloud           Conj/Ice/Air   16%        6-21      22%         5
 Animate Armour           Summ/Erth      34%        N/A       32%         4
 Olgreb's Toxic Radiance  Pois           17%        N/A       32%         4
 Summon Ice Beast         Ice/Summ       17%        N/A       32%         4
 Enfeeble                 Hex            30%        N/A       36%         7
 Conjure Ball Lightning   Conj/Air       20%        3x3d6     54%         6
 Lee's Rapid Deconstruct  Erth           8%         3d7*      65%         5
 Death's Door             Necr           52%        N/A       65%         9
 Iron Shot                Conj/Erth      14%        9d4       87%         6
 Starburst                Conj/Fire      14%        6d6       87%         6
 Discord                  Hex            30%        N/A       97%         8
 Summon Cactus Giant      Summ           8%         N/A       99%         6
 Monstrous Menagerie      Summ           8%         N/A       100%        7
 Ozocubu's Refrigeration  Ice            8%         4d9       100%        7
 Summon Hydra             Summ           8%         N/A       100%        7
 Disjunction              Tloc           26%        N/A       100%        8
 Ignition                 Fire           8%         3d5       100%        8
 Lehudib's Crystal Spear  Conj/Erth      14%        10d5      100%        8
 Polar Vortex             Ice            8%         N/A       100%        9

Inventory:

Hand Weapons
 a - a +9 triple sword of electrocution (weapon)
   (You took it off Sojobo on level 4 of the Vaults)
 b - the +8 longbow "Zephyr" {speed, Dex+3 SInv}
   (You took it off a vault sentinel on level 5 of the Vaults)

   Dex:       It affects your dexterity (+3).
   SInv:      It lets you see invisible.
 d - a +0 quick blade of protection
   (You took it off a spriggan defender on level 2 of the Depths)
 g - a +0 demon blade
   (You took it off a demonspawn corrupter in Pandemonium)
 m - the +9 great sword of Runged {heavy, rElec}
   (You found it in Pandemonium)

   rElec:     It insulates you from electricity.
 N - the +6 sword of Cerebov {flame}
   (You took it off Cerebov in Pandemonium)
Missiles
 p - 70 boomerangs (quivered)
 y - 7 boomerangs of dispersal
 A - 15 javelins
 C - 10 throwing nets
 G - 20 curare-tipped darts
Armour
 i - the +2 pair of slick slippers (worn) {slick, slippery, EV+5}
   (You found it on level 5 of the Vaults)

   Slick:     Its wearer cannot be constricted, engulfed, netted or webbed.
   Slippery:  It slips away from damaging melee attacks, pulling the attacker
   onward.
   EV:        It affects your evasion (+5).
 l - the +4 skin of Zhor (worn) {*Englaciate rC+++ SInv}
   (You found it in an ice cave)

   *Englaciate: It radiates cold, occasionally slowing all nearby creatures who
   are not resistant to cold.
   rC:        It renders you almost immune to cold.
   SInv:      It lets you see invisible.
 B - the +3 pair of gauntlets of War (worn) {Slay+5}
   (You found it on level 3 of the Elven Halls)

   Slay:      It affects your accuracy & damage with ranged weapons and melee
   (+5).
 I - the +2 cloak of the Thief (worn) {*Fog Slay-2 SInv Stlth+}
   (You bought it in a shop on level 2 of the Orcish Mines)

   *Fog:      It may release a thick cloud of smoke when the wearer is hurt.
   Slay:      It affects your accuracy & damage with ranged weapons and melee
   (-2).
   SInv:      It lets you see invisible.
   Stlth:     It makes you more stealthy.
 U - the +1 helmet "Uzes" (worn) {Rampage rElec SInv}
   (You bought it in a shop on level 2 of the Orcish Mines)

   rElec:     It insulates you from electricity.
   SInv:      It lets you see invisible.
   Rampage:   It bestows one free step when moving towards enemies.
 V - the +1 pair of boots of Wrong Decisions {Dex+4}
   (You found it in Pandemonium)

   Dex:       It affects your dexterity (+4).
Jewellery
 e - a +6 ring of dexterity (right hand)
   (You took it off a deep elf blademaster on level 3 of the Elven Halls)
 f - the ring of Dilink {rN+ Will+ Dex+2 Slay+3 Stlth-}
   (You took it off an orc on level 5 of the Vaults)

   [ring of willpower]

   Dex:       It affects your dexterity (+2).
   Slay:      It affects your accuracy & damage with ranged weapons and melee
   (+3).
   rN:        It protects you from negative energy.
   Will:      It increases your willpower.
   Stlth:     It makes you less stealthy.
 k - the amulet "Yganlaig" (around neck) {Reflect Will+ Regen+ SH+5}
   (You acquired it on level 15 of the Dungeon)

   [amulet of reflection]

   It reflects blocked missile attacks.
   Regen:     It increases your rate of health regeneration.
   SH:        It affects your SH (+5).
   Will:      It increases your willpower.
 n - a ring of flight
   (You found it in a treasure trove)
 w - the ring "Juuruys" (left hand) {rF+ Str+6 Dex+4}
   (You took it off a merfolk on level 4 of the Shoals)

   [ring of strength]

   Str:       It affects your strength (+6).
   Dex:       It affects your dexterity (+4).
   rF:        It protects you from fire.
 Y - the ring of Veacvyry {Wiz rN+ Int+5}
   (You took it off a deep elf pyromancer on level 3 of the Elven Halls)

   [ring of wizardry]

   It improves your spell success rate.
   Int:       It affects your intelligence (+5).
   rN:        It protects you from negative energy.
Wands
 D - a wand of roots (31)
   (You took it off a deep elf pyromancer on level 3 of the Elven Halls)
 E - a wand of paralysis (40)
   (You took it off Maurice on level 10 of the Dungeon)
 F - a wand of light (38)
   (You took it off Blork the orc on level 5 of the Dungeon)
 H - a wand of mindburst (21)
   (You found it on level 2 of the Vaults)
 X - a wand of digging (15)
   (You found it on level 2 of the Elven Halls)
Scrolls
 h - a scroll of brand weapon
 j - 9 scrolls of magic mapping
 o - 19 scrolls of blinking
 r - 15 scrolls of fog
 s - 10 scrolls of vulnerability
 t - 3 scrolls of silence
 u - 29 scrolls of teleportation
 P - 4 scrolls of enchant weapon
 Z - 8 scrolls of butterflies
Potions
 c - 7 potions of resistance
 q - 29 potions of curing
 v - 9 potions of haste
 x - 25 potions of heal wounds
 z - 21 potions of mutation
 L - 16 potions of invisibility
 O - 7 potions of cancellation
 R - 11 potions of might
 T - 14 potions of ambrosia
Miscellaneous
 J - the horn of Geryon
   (You took it off Geryon in the Vestibule of Hell)
 K - a lightning rod (4/4)
   (You found it on level 2 of the Lair of Beasts)
 M - a phantom mirror
   (You found it on level 4 of the Shoals)
 Q - a box of beasts
   (You found it on level 5 of the Vaults)
 S - a phial of floods
   (You found it on level 11 of the Dungeon)
 W - a condenser vane
   (You found it in an ice cave)

Dungeon Overview and Level Annotations

Branches:
Dungeon (15/15)            Temple (0/1) D:7            Lair (5/5) D:9
 Shoals (4/4) Lair:2       Spider (4/4) Lair:3        Slime (5/5) Lair:5
    Orc (2/2) D:11            Elf (3/3) Orc:2        Vaults (5/5) D:13
  Crypt (3/3) Vaults:2       Tomb (1/3) Crypt:3      Depths (4/4) D:15
   Hell (visited)             Dis (0/7) Hell            Geh (0/7) Hell
    Coc (0/7) Hell            Tar (0/7) Hell            Zot (5/5) Depths:4
  IceCv (visited)          WizLab (visited)

Shops:
D:3 ![[   D:7 [   Orc:2 ([[(   Elf:1 [   Elf:2 =   Shoals:1 *   Shoals:2 *
Vaults:1 [   Vaults:2 ?   Zot:2 *

Portals:
Hell: Depths:1 Depths:2 Depths:3 Depths:4
Abyss: Depths:1 Depths:2 Depths:3
Pandemonium: Depths:2 Depths:3
Ziggurat: Depths:4

Annotations:
Zot:5 1 exclusion
Pan Gloorx Vloq

#...#..### ..
..######..## #### #.#
..#[...##..#
...##.....#....###..
#..#.#...#....#####
#.#.....#....#....
#§#.#...#....'....
#§#§....#....#....
#L1Z#...###'##....
#&#§....#....#....
#.11#§#...#.[..'....
#...#.....#....#....
.....#.#...#....###'#
###...#...^...(..#....
#...#..........#....
....#.#...#....'....
.#...#.....#....#....


You could see Gloorx Vloq, 3 Executioners and a spriggan defender skeleton.


Message History

Your hands tingle!
b - the +8 longbow "Zephyr" (weapon)
{speed, Dex+3 SInv} The tentacled monstrosity completely misses you. x3
Fire: b) +8 longbow "Zephyr" {speed, Dex+3 SInv}
Press: ? - help, Q - select action, (/) - cycle Shift-Dir - straight line, f - floating eye, p - Mnoleg
Aim: a floating eye (summoned, slow, 97% to hit)
You magically shoot an arrow.
The arrow hits the floating eye!!!
You kill the floating eye!
The floating eye disappears in a puff of smoke!
The sixfirhy is no longer moving slowly.
The tentacled monstrosity completely misses you. x3
Fire: b) +8 longbow "Zephyr" {speed, Dex+3 SInv}
Press: ? - help, Q - select action, (/) - cycle Shift-Dir - straight line, f - Mnoleg
Aim: Mnoleg (almost dead, slow, 69% to hit)
You magically shoot an arrow.
The arrow misses Mnoleg.
The golden eye blinks at you. You resist with almost no effort.
Fire: b) +8 longbow "Zephyr" {speed, Dex+3 SInv}
Press: ? - help, Q - select action, (/) - cycle Shift-Dir - straight line, f/p - Mnoleg
Aim: Mnoleg (almost dead, slow, 69% to hit)
You magically shoot an arrow.
The arrow hits Mnoleg.
Mnoleg is almost dead.
The tentacled monstrosity closely misses you.
The tentacled monstrosity tentacle-slaps you but does no damage.
The tentacled monstrosity misses you.
Fire: b) +8 longbow "Zephyr" {speed, Dex+3 SInv}
Press: ? - help, Q - select action, (/) - cycle Shift-Dir - straight line, f/p - Mnoleg
Aim: Mnoleg (almost dead, slow, 69% to hit)
You magically shoot an arrow.
The arrow misses Mnoleg.
Fire: b) +8 longbow "Zephyr" {speed, Dex+3 SInv}
Press: ? - help, Q - select action, (/) - cycle Shift-Dir - straight line, f/p - Mnoleg
Aim: Mnoleg (almost dead, slow, 69% to hit)
You magically shoot an arrow.
The arrow hits Mnoleg!!
Mnoleg is almost dead.
The tentacled monstrosity tentacle-slaps you but does no damage.
The tentacled monstrosity completely misses you.
The tentacled monstrosity tentacle-slaps you but does no damage.
The golden eye blinks at you. You resist with almost no effort.
Fire: b) +8 longbow "Zephyr" {speed, Dex+3 SInv}
Press: ? - help, Q - select action, (/) - cycle Shift-Dir - straight line, f/p - Mnoleg
Aim: Mnoleg (almost dead, slow, 69% to hit)
You magically shoot an arrow.
The arrow misses Mnoleg.
You hear the crackle of electricity.
a - a +9 triple sword of electrocution (weapon)
You radiate an aura of cold.
The tentacled monstrosity is unaffected.
The sixfirhy seems to slow down.
The eye of devastation seems to slow down.
The large abomination seems to slow down.
Mnoleg resists.
The golden eye seems to slow down.
The cacodemon seems to slow down.
The sixfirhy seems to slow down.
The cacodemon resists.
The tentacled monstrosity completely misses you.
The tentacled monstrosity misses you.
The tentacled monstrosity completely misses you.
The golden eye blinks!
You miss Mnoleg.
Mnoleg is almost dead.
The tentacled monstrosity completely misses you. x3
Mnoleg calls on the powers of chaos!
The eye of devastation seems to speed up.
The tentacled monstrosity suddenly seems more agile.
The cacodemon suddenly seems more resistant.
The sixfirhy seems to grow stronger.
The sixfirhy shakes off its lethargy.
The sixfirhy goes berserk!
The golden eye suddenly seems more agile.
You slice Mnoleg!!
Mnoleg is almost dead.
The tentacled monstrosity completely misses you. x2
You block the tentacled monstrosity's attack.
You miss Mnoleg.
Mnoleg is almost dead.
The tentacled monstrosity completely misses you.
The tentacled monstrosity closely misses you.
The tentacled monstrosity completely misses you.
Mnoleg gestures.
You slice Mnoleg like a ripe choko!!!
You kill Mnoleg!
The eye of devastation disappears in a puff of smoke!
The tentacled monstrosity disappears in a puff of smoke!
The golden eye disappears in a puff of smoke!
The large abomination disappears in a puff of smoke! x4
You block the sixfirhy's attack. The sixfirhy misses you.
The sixfirhy completely misses you. The sixfirhy hits you!
The sixfirhy shocks you. You resist.
You rampage towards the cacodemon!
You slice the cacodemon!!
The cacodemon is moderately wounded.
The sixfirhy completely misses you. x3; The sixfirhy misses you.
The cacodemon hits you but does no damage.
The cacodemon completely misses you.
You hit the cacodemon.
The cacodemon is moderately wounded.
The sixfirhy hits you! The sixfirhy shocks you. You resist.
You slice the cacodemon like a ripe choko!!!
The cacodemon is almost dead.
The sixfirhy is no longer moving slowly.
The sixfirhy completely misses you. The cacodemon gestures at you.
The bolt of energy misses you. The sixfirhy completely misses you.
You closely miss the cacodemon.
The cacodemon is almost dead.
The sixfirhy completely misses you. x5
The cacodemon gestures at you. You resist with almost no effort.
You slice the cacodemon!!
You kill the cacodemon!
The sixfirhy completely misses you. x7
You feel your strength returning.
You slash the cacodemon!
The cacodemon is lightly wounded.
The sixfirhy completely misses you. The cacodemon completely misses you. x2
You hit the cacodemon but do no damage.
The cacodemon is lightly wounded.
You radiate an aura of cold.
The eldritch tentacle segment is unaffected.
The sixfirhy seems to slow down. x2; The cacodemon is unaffected.
You hit the cacodemon.
The cacodemon is lightly wounded.
The cacodemon completely misses you. x2
You cut the cacodemon into ribbons!!!
The cacodemon is severely wounded.
The sixfirhy completely misses you. x2
You hit the cacodemon.
The cacodemon is almost dead.
The cacodemon is no longer moving slowly.
The sixfirhy is no longer moving slowly.
You block the sixfirhy's attack. The sixfirhy completely misses you. x3
The cacodemon hits you but does no damage.
The cacodemon completely misses you.
You slash the cacodemon!
The cacodemon is almost dead.
You radiate an aura of cold.
The eldritch tentacle segment is unaffected.
The sixfirhy seems to slow down.
The sixfirhy resists.
The cacodemon is unaffected.
The sixfirhy misses you. The sixfirhy hits you! The sixfirhy shocks you.
You resist.
You slip backwards!
The sixfirhy completely misses you. The sixfirhy barely misses you.
You cut the sixfirhy into ribbons!!!
The sixfirhy is severely wounded.
The sixfirhy completely misses you. x2
You cut the cacodemon into ribbons!!!
You kill the cacodemon!
The sixfirhy is no longer moving slowly.
The sixfirhy hits you but does no damage.
The sixfirhy misses you.
You slash the sixfirhy!
The sixfirhy is moderately wounded.
The sixfirhy completely misses you.
You slash the sixfirhy!
The sixfirhy is severely wounded.
The portal closes; something is severed.
You miss the sixfirhy.
The sixfirhy is severely wounded.
The sixfirhy hits you. The sixfirhy shocks you. You resist.
The sixfirhy completely misses you. x2
You barely miss the sixfirhy.
The sixfirhy is heavily wounded.
The sixfirhy is no longer moving slowly.
The sixfirhy completely misses you. The sixfirhy barely misses you.
The sixfirhy completely misses you.
You slice the sixfirhy!!
You kill the sixfirhy!
The sixfirhy misses you. The sixfirhy completely misses you. x2
You closely miss the sixfirhy.
The sixfirhy is heavily wounded.
You are no longer teleporting projectiles to their destination.
You block the sixfirhy's attack. The sixfirhy completely misses you. x2
You completely miss the sixfirhy.
The sixfirhy is heavily wounded.
The eldritch tentacle writhes!
The sixfirhy completely misses you. x2
You miss the sixfirhy.
The sixfirhy is heavily wounded.
The eldritch tentacle writhes!
You closely miss the sixfirhy.
The sixfirhy is heavily wounded.
You radiate an aura of cold.
The sixfirhy seems to slow down.
The eldritch tentacle segment is unaffected.
You carve the sixfirhy like a ham!!!
You kill the sixfirhy!
Your +9 triple sword of electrocution stops crackling.
You feel agile.
Your hands tingle!
b - the +8 longbow "Zephyr" (weapon)
{speed, Dex+3 SInv} You start resting.
Your transformation is almost over.
Casting: Portal Projectile (safe; 1% risk of failure)
Confirm with . or Enter, or press ? or * to list all spells.
You feel a surge of power!
You extend your transformation's duration.
You now have 6443 gold pieces (gained 35).
q - 28 potions of curing (gained 2)
You see here a +0 chain mail.
You pick up the glowing rune and feel its power.
You now have 8 runes.
Press } to see all the runes you have collected.
A neqoxec comes into view.
You rampage towards the neqoxec!
You shoot an arrow. The neqoxec shouts!
The arrow hits the neqoxec!!
The neqoxec is severely wounded.
You shoot an arrow. The arrow hits the neqoxec!
You kill the neqoxec!
No target in view!
You radiate an aura of cold.
The cacodemon resists.
You rampage towards the cacodemon!
You radiate an aura of cold.
The cacodemon seems to slow down.
You shoot an arrow. The cacodemon shouts!
The arrow hits the cacodemon!!!
The cacodemon is heavily wounded.
You shoot an arrow. The arrow hits the cacodemon!!
The cacodemon is severely wounded.
You shoot an arrow. The arrow hits the cacodemon!!
The cacodemon is almost dead.
You shoot an arrow. The arrow hits the cacodemon.
The cacodemon is almost dead.
You shoot an arrow. The arrow hits the cacodemon!!
You kill the cacodemon!
Training target 5.0 for Air Magic reached!
Your Air Magic skill increases to level 5!
Your pack is full.
You see here a scroll of noise.
A large abomination and a sixfirhy come into view.
Found a wand of roots (3) and a scroll of immolation.
A cacodemon comes into view.
You shoot an arrow. The arrow hits the large abomination!
The large abomination is lightly damaged.
You shoot an arrow. The arrow hits the large abomination.
The large abomination is moderately damaged.
You shoot an arrow. The arrow hits the large abomination!!
The large abomination is almost destroyed.
You shoot an arrow. The arrow hits the large abomination.
The large abomination is almost destroyed.
You radiate an aura of cold.
The large abomination resists.
The sixfirhy seems to slow down.
The cacodemon resists.
You shoot an arrow. The neqoxec shouts!
The arrow hits the large abomination!!!
You destroy the large abomination!
You shoot an arrow. The arrow hits the sixfirhy!!!
The sixfirhy is almost dead.
The sixfirhy completely misses you.
You shoot an arrow. The arrow hits the sixfirhy!
You kill the sixfirhy!
You shoot an arrow. The arrow hits the cacodemon!!
The cacodemon is moderately wounded.
You shoot an arrow. The arrow closely misses the cacodemon.
You shoot an arrow. The arrow hits the cacodemon!!
The cacodemon is severely wounded.
You shoot an arrow. The arrow hits the cacodemon!!
The cacodemon is almost dead.
You shoot an arrow. The arrow hits the cacodemon!
The cacodemon is almost dead.
You radiate an aura of cold.
The cacodemon seems to slow down.
The neqoxec seems to slow down.
You shoot an arrow. The arrow hits the cacodemon!
You kill the cacodemon!
You feel your intelligence returning.
You shoot an arrow. The arrow hits the neqoxec!!!
You kill the neqoxec!
An orange demon comes into view.
You shoot an arrow. The arrow hits the orange demon!!
The orange demon is heavily wounded.
You shoot an arrow. The arrow hits the orange demon!!
The orange demon is almost dead.
You shoot an arrow. The arrow hits the orange demon!
You kill the orange demon!
No target in view!
No target in view!
D - a wand of roots (31) (gained 3 charges)
You drop the +1 pair of boots of Wrong Decisions {Dex+4}.
V - a scroll of noise
There are no items here.
Autopickup disabled for scrolls of noise.
You drop a scroll of noise.
You see here the +1 pair of boots of Wrong Decisions {Dex+4}.
V - the +1 pair of boots of Wrong Decisions {Dex+4} A neqoxec comes into view.
You shoot an arrow. The arrow hits the neqoxec!!!
You kill the neqoxec!
No target in view!
No target in view!
Casting: Necromutation (dangerous; 7% risk of failure)
Confirm with . or Enter, or press ? or * to list all spells.
You feel a surge of power!
You extend your transformation's duration.
An eye of devastation comes into view.
You shoot an arrow.
The arrow hits the eye of devastation!!!
The eye of devastation is severely wounded.
An eye of devastation is nearby!
You shoot an arrow. The arrow hits the eye of devastation!!
You kill the eye of devastation!
Magic restored.
L - 16 potions of invisibility (gained 1)
An orange demon comes into view.
You shoot an arrow. The orange demon screeches!
The arrow hits the orange demon!!!
You kill the orange demon!
You hear a shout!
A cacodemon comes into view.
You shoot an arrow. The arrow hits the cacodemon.
The cacodemon is lightly wounded.
You shoot an arrow. The arrow hits the cacodemon!
The cacodemon is moderately wounded.
You shoot an arrow. The arrow hits the cacodemon!!!
The cacodemon is severely wounded.
A cacodemon comes into view.
You shoot an arrow. The arrow hits the cacodemon!!
The cacodemon is almost dead.
The cacodemon gestures at you. The bolt of energy misses you.
You shoot an arrow. The arrow hits the cacodemon!!!
You kill the cacodemon!
You shoot an arrow. The arrow hits the cacodemon!!
The cacodemon is moderately wounded.
You shoot an arrow. The arrow hits the cacodemon!!
The cacodemon is heavily wounded.
You shoot an arrow. The arrow hits the cacodemon!!!
You kill the cacodemon!
No target in view!
A large abomination comes into view.
You shoot an arrow. The arrow hits the large abomination!
The large abomination is moderately damaged.
You shoot an arrow.
The arrow barely misses the large abomination.
Your transformation is almost over.
You shoot an arrow. The arrow hits the large abomination!
The large abomination is heavily damaged.
You radiate an aura of cold.
The large abomination seems to slow down.
You shoot an arrow. The arrow hits the large abomination.
The large abomination is heavily damaged.
You shoot an arrow. The arrow hits the large abomination!
The large abomination is severely damaged.
You shoot an arrow. The arrow hits the large abomination!!
You destroy the large abomination!
Casting: Necromutation (dangerous; 7% risk of failure)
Confirm with . or Enter, or press ? or * to list all spells.
You feel a surge of power!
You extend your transformation's duration.
You hear a screech!
An orange demon comes into view.
You shoot an arrow. The arrow hits the orange demon!!!
The orange demon is severely wounded.
You hear a shout!
You shoot an arrow. The arrow hits the orange demon!!!
You kill the orange demon!
No target in view!
No target in view!
You hear a grinding noise.
You hear a grinding noise.
A cacodemon comes into view.
You shoot an arrow.
The arrow hits the cacodemon but does no damage.
You radiate an aura of cold.
The cacodemon resists.
You shoot an arrow. The arrow hits the cacodemon!!
The cacodemon is lightly wounded.
You shoot an arrow. The arrow hits the cacodemon.
The cacodemon is moderately wounded.
You shoot an arrow. The arrow hits the cacodemon!!!
The cacodemon is heavily wounded.
You hear a shout!
You shoot an arrow. The arrow hits the cacodemon!
The cacodemon is severely wounded.
A sixfirhy comes into view.
You shoot an arrow. The arrow hits the cacodemon!!
The cacodemon is almost dead.
You hear a screech!
You shoot an arrow. The arrow misses the sixfirhy.
The arrow hits the cacodemon!
You kill the cacodemon!
You shoot an arrow. The arrow misses the sixfirhy.
You shoot an arrow. The arrow hits the sixfirhy!!
The sixfirhy is severely wounded.
You radiate an aura of cold.
The sixfirhy resists.
You hear a howl!
You shoot an arrow. The arrow hits the sixfirhy!!!
You kill the sixfirhy!
No target in view!
No target in view!
No target in view!
A neqoxec comes into view.
You shoot an arrow. The arrow hits the neqoxec!!
The neqoxec is severely wounded.
You shoot an arrow. The arrow hits the neqoxec!!
You kill the neqoxec!
No target in view!
An orange demon comes into view.
You shoot an arrow.
The arrow completely misses the orange demon.
The orange demon screeches!
You shoot an arrow. The arrow hits the orange demon!!
The orange demon is severely wounded.
You shoot an arrow. The arrow hits the orange demon!!
You kill the orange demon!
A sixfirhy comes into view.
You shoot an arrow. The arrow misses the sixfirhy.
You shoot an arrow. The arrow hits the sixfirhy!
The sixfirhy is heavily wounded.
You shoot an arrow. The arrow hits the sixfirhy.
The sixfirhy is heavily wounded.
You shoot an arrow. The arrow hits the sixfirhy!!
You kill the sixfirhy!
You feel your intelligence returning.
A chaos spawn comes into view.
You shoot an arrow. The chaos spawn gurgles horribly!
The arrow hits the chaos spawn!!!
You kill the chaos spawn!
The chaos spawn degenerates into a cloud of primal chaos!
No target in view!
No target in view!
An orange demon comes into view.
You shoot an arrow. The arrow hits the orange demon!!!!
You kill the orange demon!
No target in view!
No target in view!
A large abomination comes into view.
You shoot an arrow. The arrow hits the large abomination!!
The large abomination is moderately damaged.
You shoot an arrow. The arrow hits the large abomination!
The large abomination is severely damaged.
You shoot an arrow. The arrow hits the large abomination.
The large abomination is severely damaged.
You shoot an arrow. The arrow hits the large abomination!!!
You destroy the large abomination!
No target in view!
Casting: Necromutation (dangerous; 6% risk of failure)
Confirm with . or Enter, or press ? or * to list all spells.
You feel a surge of power!
You extend your transformation's duration.
A large abomination comes into view.
You shoot an arrow. The arrow hits the large abomination!!!
The large abomination is severely damaged.
You radiate an aura of cold.
The large abomination seems to slow down.
You shoot an arrow.
The arrow completely misses the large abomination.
You shoot an arrow.
The arrow barely misses the large abomination.
You shoot an arrow.
The arrow hits the large abomination but does no damage.
The large abomination is severely damaged.
You shoot an arrow. The arrow hits the large abomination!
You destroy the large abomination!
No target in view!
Your transformation is almost over.
Casting: Necromutation (dangerous; 6% risk of failure)
Confirm with . or Enter, or press ? or * to list all spells.
You feel a surge of power!
You extend your transformation's duration.
Done exploring.
Search for what [? for help]? an Too many matches; use a more specific search.
Search for what [Enter for "an", or ? for help]? pan Unknown command.
Save game and exit?
Welcome back, scionoferis the Demigod Hexslinger.
Press ? for a list of commands and other information.
Done exploring.
An orange demon comes into view.
You shoot an arrow. The orange demon screeches!
The arrow hits the orange demon!!
The orange demon is heavily wounded.
You shoot an arrow. The arrow hits the orange demon!
The orange demon is severely wounded.
You shoot an arrow. The arrow hits the orange demon!
You kill the orange demon!
No target in view!
No target in view!
A cacodemon comes into view.
Unknown command.
You shoot an arrow. The cacodemon shouts!
The arrow hits the cacodemon.
The cacodemon is lightly wounded.
You shoot an arrow. The arrow hits the cacodemon!!
The cacodemon is moderately wounded.
You shoot an arrow. The arrow barely misses the cacodemon.
You shoot an arrow. The arrow hits the cacodemon!!!
The cacodemon is almost dead.
You shoot an arrow. The arrow hits the cacodemon!!!
You kill the cacodemon!
No target in view!
A sixfirhy comes into view.
Unknown command.
You shoot an arrow. The arrow hits the sixfirhy.
The sixfirhy is lightly wounded.
You shoot an arrow. The arrow hits the sixfirhy!!!
You kill the sixfirhy!
No target in view!
No target in view!
There is a gate leading to another region of Pandemonium here.
Unknown command.
Cast which spell? (? or * to list)
You feel a surge of power!
You extend your transformation's duration.
You hear the crackle of electricity.
a - a +9 triple sword of electrocution (weapon)
You pass into a different region of Pandemonium.
Shadowy figures dance across your vision.
The mighty Pandemonium lord Gloorx Vloq resides here.
They guard the dark rune of Zot.
Found 6 stones.
Your +9 triple sword of electrocution stops crackling.
You feel agile.
Your hands tingle!
b - the +8 longbow "Zephyr" (weapon)
{speed, Dex+3 SInv}
Found a scale mail.
You open the door.
There is an open door here.
Found a glowing whip.
An Executioner comes into view.
Your +0 quick blade of protection hums with potential!
d - a +0 quick blade of protection (weapon)
The helpless Executioner fails to defend itself.
You stick the Executioner like a pincushion!!!!!!
Your weapon exudes an aura of protection.
You kill the Executioner!
Your +0 quick blade of protection goes still.
You hear the crackle of electricity.
a - a +9 triple sword of electrocution (weapon)
Your +9 triple sword of electrocution stops crackling.
You feel agile.
Your hands tingle!
b - the +8 longbow "Zephyr" (weapon)
{speed, Dex+3 SInv} You see here a +2 whip of electrocution.
Something unseen opens the door.
A soul eater comes into view.
You shoot an arrow. The arrow hits the soul eater!!
The soul eater is heavily wounded.
You shoot an arrow. The arrow hits the soul eater!!
The soul eater is almost dead.
You shoot an arrow. The arrow hits the soul eater!!!
You kill the soul eater!
No target in view!
No target in view!
You open the door.
Found 26 gold pieces.
Found a potion of heal wounds.
There is an open door here.
You now have 6469 gold pieces (gained 26).
x - 24 potions of heal wounds (gained 1)
An Executioner opens the door.
A large abomination comes into view.
You shoot an arrow. The arrow hits the Executioner!!
The Executioner is heavily wounded.
You shoot an arrow. The arrow hits the Executioner!!
The Executioner is almost dead.
You shoot an arrow. The arrow hits the Executioner!!
You kill the Executioner!
You radiate an aura of cold.
The large abomination seems to slow down.
You shoot an arrow. The arrow hits the large abomination!!
The large abomination is heavily damaged.
You shoot an arrow. The arrow hits the large abomination!!
You destroy the large abomination!
No target in view!
There is an open door here.
A large abomination and an Executioner come into view.
You shoot an arrow. The Executioner gives a hideous shriek!
The arrow hits the large abomination!!
The large abomination is heavily damaged.
You shoot an arrow. The arrow hits the large abomination!
The large abomination is severely damaged.
The Executioner gestures.
The Executioner seems to speed up.
You shoot an arrow.
The arrow hits the large abomination but does no damage.
The large abomination is severely damaged.
You radiate an aura of cold.
The large abomination seems to slow down.
The Executioner is unaffected.
You shoot an arrow. The arrow hits the large abomination.
The large abomination is almost destroyed.
You shoot an arrow. The arrow hits the large abomination!!
You destroy the large abomination!
Your Hexes skill increases to level 10!
You shoot an arrow.
The arrow barely misses the Executioner.
You shoot an arrow. The arrow hits the Executioner!!
The Executioner is moderately wounded.
You block the Executioner's attack.
The Executioner completely misses you. x2
You shoot an arrow. The arrow hits the Executioner!
The Executioner is heavily wounded.
The Executioner completely misses you. x3
You shoot an arrow. The arrow hits the Executioner!
The Executioner is severely wounded.
The Executioner completely misses you. x3
You shoot an arrow. The arrow hits the Executioner!!
You kill the Executioner!
No target in view!
A large abomination comes into view.
There is an open door here.
You shoot an arrow. The arrow hits the large abomination!!!
The large abomination is severely damaged.
You radiate an aura of cold.
The large abomination seems to slow down.
You shoot an arrow. The arrow hits the large abomination!!
You destroy the large abomination!
No target in view!
No target in view!
A soul eater comes into view.
You shoot an arrow. The arrow hits the soul eater!!
The soul eater is moderately wounded.
You radiate an aura of cold.
The soul eater is unaffected.
You shoot an arrow. The arrow hits the soul eater!!!
You kill the soul eater!
No target in view!
No target in view!
You open the door.
Found a gate leading to another region of Pandemonium.
Found a leather armour.
There is an open door here.
You open the door.
A nagaraja skeleton comes into view.
Found a potion of heal wounds.
You shoot an arrow. The arrow hits the nagaraja skeleton.
The nagaraja skeleton is lightly damaged.
You shoot an arrow.
The arrow completely misses the nagaraja skeleton.
You shoot an arrow. The arrow hits the nagaraja skeleton!!!
The nagaraja skeleton is heavily damaged.
You shoot an arrow. The arrow hits the nagaraja skeleton!!
The nagaraja skeleton is severely damaged.
You radiate an aura of cold.
The nagaraja skeleton is unaffected.
You shoot an arrow. The arrow hits the nagaraja skeleton!!
The nagaraja skeleton is almost destroyed.
The nagaraja skeleton completely misses you.
You shoot an arrow. The arrow hits the nagaraja skeleton!!
You destroy the nagaraja skeleton!
You feel your intelligence returning.
No target in view!
Found a long sword.
There is an open door here.
x - 25 potions of heal wounds (gained 1)
You open the door.
Your transformation is almost over.
There is an open door here.
Casting: Necromutation (dangerous; 6% risk of failure)
Confirm with . or Enter, or press ? or * to list all spells.
You feel a surge of power!
You extend your transformation's duration.
You open the door.
There is an open door here.
You open the door.
A soul eater comes into view.
You radiate an aura of cold.
The soul eater is unaffected.
Found a gate leading to another region of Pandemonium.
You shoot an arrow. The arrow hits the soul eater.
The soul eater is lightly wounded.
You shoot an arrow. The arrow hits the soul eater!!
The soul eater is severely wounded.
You shoot an arrow. The arrow hits the soul eater!
The soul eater is almost dead.
You shoot an arrow.
The arrow closely misses the soul eater.
You shoot an arrow. The arrow hits the soul eater!!!
You kill the soul eater!
No target in view!
A soul eater comes into view.
There is an open door here.
You shoot an arrow.
The arrow hits the soul eater but does no damage.
You shoot an arrow. The arrow hits the soul eater!
The soul eater is moderately wounded.
You shoot an arrow.
The arrow closely misses the soul eater.
You shoot an arrow.
The arrow completely misses the soul eater.
You shoot an arrow.
The arrow hits the soul eater but does no damage.
The soul eater is moderately wounded.
You shoot an arrow. The arrow barely misses the soul eater.
The soul eater completely misses you.
You shoot an arrow. The arrow hits the soul eater!!
The soul eater is severely wounded.
You shoot an arrow. The arrow hits the soul eater!!!
You kill the soul eater!
You open the door.
There is an open door here.
You open the door.
Found a potion of curing.
There is an open door here.
q - 29 potions of curing (gained 1)
You open the door.
Found a helmet.
An Executioner comes into view.
There is an open door here.
You shoot an arrow. The Executioner gives a hideous shriek!
The arrow hits the Executioner!!!
The Executioner is severely wounded.
You shoot an arrow. The arrow hits the Executioner.
The Executioner is severely wounded.
You radiate an aura of cold.
The Executioner is unaffected.
The Executioner gestures.
The Executioner seems to speed up.
You shoot an arrow.
The arrow barely misses the Executioner.
You shoot an arrow. The arrow hits the Executioner!
The Executioner is almost dead.
You shoot an arrow. The arrow hits the Executioner!!
You kill the Executioner!
Found 16 gold pieces.
You see here a +0 helmet.
You now have 6485 gold pieces (gained 16).
Your transformation is almost over.
Casting: Necromutation (dangerous; 6% risk of failure)
Confirm with . or Enter, or press ? or * to list all spells.
You feel a surge of power!
You extend your transformation's duration.
There is an open door here. 2 large abominations come into view.
You radiate an aura of cold.
The large abomination resists.
The large abomination seems to slow down.
You shoot an arrow. The arrow hits the large abomination!!
The large abomination is heavily damaged.
You shoot an arrow. The arrow hits the large abomination.
The large abomination is heavily damaged.
You shoot an arrow. The arrow hits the large abomination!!
You destroy the large abomination!
You shoot an arrow. The arrow hits the large abomination!!
The large abomination is severely damaged.
You shoot an arrow. The arrow hits the large abomination!!!
You destroy the large abomination!
No target in view!
No target in view!
Found an exit through the horrors of the Abyss.
Found a scroll of enchant weapon.
There is an open door here.
P - 4 scrolls of enchant weapon (gained 1)
You open the door.
There is an open door here.
You open the door.
A juggernaut skeleton comes into view.
You shoot an arrow. The arrow hits the juggernaut skeleton.
The juggernaut skeleton is lightly damaged.
You shoot an arrow. The arrow hits the juggernaut skeleton!
The juggernaut skeleton is lightly damaged.
You shoot an arrow.
The arrow hits the juggernaut skeleton!!!
The juggernaut skeleton is heavily damaged.
You shoot an arrow.
The arrow hits the juggernaut skeleton!!
The juggernaut skeleton is severely damaged.
You shoot an arrow.
The arrow hits the juggernaut skeleton!!!
You destroy the juggernaut skeleton!
No target in view!
No target in view!
There is an open door here.
You open the door.
There is an open door here.
You open the door.
Found 7 stones.
There is an open door here.
You see here 7 stones.
You open the door.
A harpy skeleton comes into view.
The harpy skeleton moves out of view.
Found a gate leading to another region of Pandemonium.
There is an open door here.
You shoot an arrow. The arrow hits the harpy skeleton!!
The harpy skeleton is severely damaged.
You shoot an arrow. The arrow hits the harpy skeleton!!!
You destroy the harpy skeleton!
No target in view!
No target in view!
You open the door.
There is an open door here.
You open the door.
There is an open door here.
You open the door.
A harpy skeleton comes into view.
You shoot an arrow. The arrow hits the harpy skeleton!!!
The harpy skeleton is severely damaged.
No target in view!
No target in view!
No target in view!
There is an open door here.
You shoot an arrow. The arrow hits the harpy skeleton!!
You destroy the harpy skeleton!
No target in view!
You open the door.
There is an open door here.
Your transformation is almost over.
Casting: Necromutation (dangerous; 6% risk of failure)
Confirm with . or Enter, or press ? or * to list all spells.
You feel a surge of power!
You extend your transformation's duration.
No target in view!
You open the door.
There is an open door here.
Found a robe.
There is an open door here.
There is an open door here.
A nagaraja skeleton comes into view.
Found 2 boomerangs.
You shoot an arrow. The arrow hits the nagaraja skeleton!
The nagaraja skeleton is lightly damaged.
You shoot an arrow. The arrow hits the nagaraja skeleton!!
The nagaraja skeleton is moderately damaged.
You hear a chilling moan.
You shoot an arrow. The arrow hits the nagaraja skeleton!!
The nagaraja skeleton is heavily damaged.
You shoot an arrow. The arrow hits the nagaraja skeleton!!!
The nagaraja skeleton is severely damaged.
You hear a chilling moan.
You hear a hideous shriek!
You shoot an arrow. The arrow hits the nagaraja skeleton.
The nagaraja skeleton is almost destroyed.
You shoot an arrow. The arrow hits the nagaraja skeleton!!
You destroy the nagaraja skeleton!
No target in view!
p - 70 boomerangs (gained 2)
A curse skull, an Executioner and a demonic crawler come into view.
The curse skull gives a chilling moan.
You hear a hideous shriek!
You hear a chilling moan. x2; You hear a hideous shriek!
There is an open door here.
You hear the crackle of electricity.
a - a +9 triple sword of electrocution (weapon)
The Executioner gives a hideous shriek!
You carve the curse skull like a ham!!!
You destroy the curse skull!
You hear a hideous shriek! x2
Something moans, "Remove thy stench, thou fulsome nut-hook pimple!"
You hear a hideous shriek! x2; You hear a chilling moan.
The Executioner gestures.
The Executioner seems to speed up.
A shadow wraith comes into view.
You radiate an aura of cold.
The demonic crawler resists.
The Executioner is unaffected.
The shadow wraith resists.
An Executioner comes into view.
You block the Executioner's attack.
The Executioner completely misses you. x2
A shadow wraith comes into view.
You slash the demonic crawler!
The demonic crawler is lightly wounded.
You block the Executioner's attack. x2; The Executioner completely misses you.
The Executioner hits you!
You slip backwards!
You cut the Executioner into ribbons!!!
The Executioner is almost dead.
You hear a hideous shriek! x2; You hear a chilling moan.
You hear a hideous shriek!
The Executioner hits you.
You slip backwards!
The Executioner hits you!
You slip backwards!
The Executioner completely misses you.
The Executioner hits you but does no damage.
You block the Executioner's attack.
You slice the Executioner like a ripe choko!!!
You kill the Executioner!
You rampage towards the demonic crawler!
You slice the demonic crawler like a ripe choko!!!
The demonic crawler is severely wounded.
The demonic crawler completely misses you. x2
You block the demonic crawler's attack.
You carve the demonic crawler like a ham!!!
You kill the demonic crawler!
You radiate an aura of cold.
The Executioner is unaffected.
The shadow wraith seems to slow down. x2
You slash the Executioner!
The Executioner is lightly wounded.
You block the Executioner's attack. The Executioner completely misses you.
The Executioner misses you.
The Executioner completely misses you. x3
You chop the Executioner into pieces!!!
The Executioner is severely wounded.
You hear a hideous shriek!
You block the Executioner's attack. The Executioner completely misses you.
The Executioner hits you but does no damage.
An Executioner comes into view.
You slice the Executioner like a ripe choko!!!
You kill the Executioner!
The Executioner gestures.
The Executioner seems to speed up.
You rampage towards the shadow wraith!
You carve the shadow wraith like a ham!!!
The shadow wraith is almost destroyed.
The shadow wraith is no longer moving slowly.
You chop the shadow wraith into pieces!!!
Lightning courses through the shadow wraith!
You destroy the shadow wraith!
The shadow wraith is no longer moving slowly.
A demonic crawler comes into view.
The Executioner hits you.
You slip backwards!
You hit the Executioner but do no damage.
The Executioner completely misses you. x2; The Executioner closely misses you.
The Executioner completely misses you. You block the Executioner's attack. x2
You closely miss the Executioner. The Executioner closely misses you.
You block the Executioner's attack. The Executioner completely misses you.
The Executioner hits you!!
You slip backwards!
You cut the Executioner into ribbons!!!
The Executioner is severely wounded.
You hear a chilling moan.
The Executioner hits you.
You slip backwards!
The Executioner completely misses you.
The Executioner hits you but does no damage.
The Executioner completely misses you.
You cut the Executioner into ribbons!!!
You kill the Executioner!
You carve the demonic crawler like a ham!!!
Lightning courses through the demonic crawler!
You kill the demonic crawler!
You rampage towards the shadow wraith!
You slash the shadow wraith!
The shadow wraith is moderately damaged.
Gloorx Vloq, Demon Lord of Darkness comes into view.
You slice the shadow wraith!!
Lightning courses through the shadow wraith!
You destroy the shadow wraith!
Gloorx Vloq gestures at you.
You convulse!
Press: ? - help, v - describe, . - travel
Here: Gloorx Vloq The floor.
You rampage towards Gloorx Vloq!
Gloorx Vloq gestures.
Gloorx Vloq completely misses you.
You see here a demonic crawler corpse.
You slice Gloorx Vloq!!
Gloorx Vloq is lightly wounded.
Gloorx Vloq completely misses you.
The Executioner completely misses you. x3
Gloorx Vloq completely misses you.
You hit Gloorx Vloq.
Gloorx Vloq is lightly wounded.
The Executioner completely misses you. The Executioner closely misses you.
The Executioner misses you. Gloorx Vloq completely misses you.
You slash Gloorx Vloq!
Gloorx Vloq is lightly wounded.
The Executioner gestures.
The Executioner seems to speed up.
Gloorx Vloq completely misses you.
The Executioner gestures.
The Executioner seems to speed up.
You block the Executioner's attack.
The Executioner completely misses you. x2
You slice Gloorx Vloq like a ripe choko!!!!
Gloorx Vloq is moderately wounded.
You hear a hideous shriek! x3
The Executioner completely misses you. x2; The Executioner misses you.
Gloorx Vloq gestures at you.
You convulse!
With a swish of your cloak, you release a cloud of fog.
You block the Executioner's attack.
The Executioner completely misses you. x2
Gloorx Vloq completely misses you.
You slice Gloorx Vloq like a ripe choko!!!
Gloorx Vloq is heavily wounded.
The Executioner closely misses you. The Executioner completely misses you.
The Executioner hits you but does no damage.
Gloorx Vloq completely misses you. The Executioner hits you!
The Executioner completely misses you. The Executioner closely misses you.
You slice Gloorx Vloq!!
Gloorx Vloq is heavily wounded.
You radiate an aura of cold.
The Executioner is unaffected.
Gloorx Vloq is unaffected.
The Executioner is unaffected. x2
The Executioner completely misses you. x3; Gloorx Vloq completely misses you.
The Executioner completely misses you. x3
The Executioner gestures.
The Executioner seems to speed up.
Gloorx Vloq completely misses you.
You slice Gloorx Vloq like a ripe choko!!!
Gloorx Vloq is severely wounded.
The Executioner completely misses you. You block the Executioner's attack.
The Executioner hits you but does no damage.
You block the Executioner's attack.
The Executioner completely misses you. x2
Gloorx Vloq misses you.
You slash Gloorx Vloq!
Gloorx Vloq is severely wounded.
The Executioner misses you. The Executioner completely misses you.
The Executioner closely misses you. Gloorx Vloq gestures at you.
The poison arrow misses you.
The Executioner completely misses you. x3
You open Gloorx Vloq like a pillowcase!!!
Gloorx Vloq is severely wounded.
The Executioner hits you but does no damage.
You block the Executioner's attack. The Executioner completely misses you.
Gloorx Vloq completely misses you.
The Executioner completely misses you. x3
Gloorx Vloq gestures at you.
You convulse!
With a swish of your cloak, you release a cloud of fog.
You hit Gloorx Vloq.
Gloorx Vloq is almost dead.
The Executioner completely misses you. x6
A spriggan defender skeleton comes into view.
Gloorx Vloq misses you.
You slice Gloorx Vloq like a ripe choko!!!
Gloorx Vloq is almost dead.
You radiate an aura of cold.
The Executioner is unaffected.
Gloorx Vloq is unaffected.
The spriggan defender skeleton is unaffected.
The Executioner is unaffected. x2; The Executioner completely misses you. x3
Gloorx Vloq gestures at you.
You convulse!
* * * LOW HITPOINT WARNING * * *
With a swish of your cloak, you release a cloud of fog.
The Executioner hits you!
* * * LOW HITPOINT WARNING * * *
The Executioner completely misses you. x5
Gloorx Vloq gestures at you.
You convulse!
You die...

Skill      XL: |  1  2  3  4  5  6  7  8  9 10 11 12 13 14 15 16 17 18 19 20 21 22 23 24 25 26 27 |
---------------+----------------------------------------------------------------------------------+-----
Fighting       | 1 2 3 4 5 6 7 8 9 10 11 12 13 14 21 | 21.5
Dodging        | 2 3 4 5 6 7 9 10 11 12 13 15 16 17 18 19 20 21 22 25 | 25.2
Stealth        | 1 2 3 4 5 6 7 8 10 11 12 13 18 | 18.0
Long Blades    | 1 2 3 4 6 7 8 10 11 12 15 16 17 18 19 20 21 22 | 22.0
Evocations     | 2 3 4 6 7 8 9 10 11 12 15 | 15.0
Translocations | 3 5 6 7 8 |  8.0
Spellcasting   | 3 6 7 8 9 10 11 12 13 15 | 15.4
Transmutations | 2 5 8 13 15 17 18 20 | 20.0
Necromancy     | 8 13 14 15 17 18 20 | 20.0
Ranged Weapons | 3 10 22 | 22.0
Conjurations   | 5 |  5.0
Hexes          | 10 | 10.3
Air Magic      | 5 |  5.0

Action                     |  1- 3 |  4- 6 |  7- 9 | 10-12 | 13-15 | 16-18 | 19-21 | 22-24 | 25-27 || total
---------------------------+-------+-------+-------+-------+-------+-------+-------+-------+-------++-------
  Melee: Dagger            |       |    74 |   213 |   104 |    98 |   125 |   127 |    42 |    18 ||   801
         Punch             |       |     2 |       |       |       |       |       |       |       ||     2
         Falchion          |       |       |     7 |     9 |       |     5 |  1868 |       |       ||  1889
         Short sword       |       |       |       |    20 |       |       |       |       |       ||    20
         Scimitar          |       |       |       |   178 |    43 |    16 |       |       |       ||   237
         Long sword        |       |       |       |    35 |       |       |       |       |       ||    35
         Double sword      |       |       |       |    70 |  1002 |  1267 |   507 |    53 |       ||  2899
         Great sword       |       |       |       |       |       |       |       |  1612 |    42 ||  1654
         Triple sword      |       |       |       |       |       |       |       |       |  2752 ||  2752
         Quick blade       |       |       |       |       |       |       |       |       |     2 ||     2
   Fire: Sling             |    94 |    62 |   114 |   220 |   274 |    22 |       |       |       ||   786
         Arbalest          |       |       |       |       |       |       |       |    52 |       ||    52
         Longbow           |       |       |       |       |       |       |       |       |  4509 ||  4509
  Throw: Dart              |       |     4 |     7 |     7 |    21 |    81 |    15 |     3 |       ||   138
         Throwing net      |       |       |       |     2 |       |     4 |       |       |       ||     6
         Boomerang         |       |       |       |     8 |       |       |       |       |       ||     8
         Javelin           |       |       |       |       |       |       |       |    10 |       ||    10
   Cast: Apportation       |       |       |       |       |       |     4 |    12 |       |    19 ||    35
         Necromutation     |       |       |       |       |       |       |       |    25 |   349 ||   374
         Yara's Violent Un |       |       |       |       |       |       |       |     2 |       ||     2
         Death Channel     |       |       |       |       |       |       |       |     2 |       ||     2
         Wereblood         |       |       |       |       |       |       |       |     1 |       ||     1
         Animate Dead      |       |       |       |       |       |       |       |       |     1 ||     1
         Irradiate         |       |       |       |       |       |       |       |       |    10 ||    10
         Manifold Assault  |       |       |       |       |       |       |       |       |     5 ||     5
         Blink             |       |       |       |       |       |       |       |       |     4 ||     4
         Passwall          |       |       |       |       |       |       |       |       |    11 ||    11
         Portal Projectile |       |       |       |       |       |       |       |       |     8 ||     8
         Vhi's Electric Ch |       |       |       |       |       |       |       |       |     1 ||     1
Ability: End Transformatio |       |       |       |       |       |       |       |     3 |       ||     3
  Evoke: Phial of floods   |       |       |       |     1 |       |     2 |       |       |       ||     3
         Lightning rod     |       |       |       |       |     4 |     4 |       |     4 |       ||    12
         Condenser vane    |       |       |       |       |     2 |     1 |     3 |     1 |     1 ||     8
         Wand              |       |       |       |       |     1 |       |     2 |       |     1 ||     4
    Use: Scroll            |       |     1 |     2 |    16 |     8 |     1 |     6 |    12 |    14 ||    60
         Potion            |       |       |     1 |     4 |       |     3 |     3 |    10 |       ||    21
   Stab: Sleeping          |       |     1 |     1 |     9 |    26 |    81 |    95 |    62 |    24 ||   299
         Held in net/web   |       |       |       |     3 |       |     6 |       |       |       ||     9
         Distracted        |       |       |       |     3 |    13 |    13 |    21 |    27 |    67 ||   144
         Paralysed         |       |       |       |       |     2 |       |     2 |       |       ||     4
         Invisible         |       |       |       |       |       |     1 |    10 |       |       ||    11
 Armour: Robe              |     7 |     1 |       |       |       |       |       |    18 |       ||    26
         Animal skin       |       |     9 |    19 |     5 |    37 |    43 |    84 |   186 |   264 ||   647
         Swamp dragon scal |       |       |       |    54 |    42 |       |       |       |       ||    96
         Ring mail         |       |       |       |       |     4 |       |       |       |       ||     4
         Leather armour    |       |       |       |       |    40 |    72 |       |       |       ||   112
  Dodge: Dodged            |    21 |    51 |   115 |   252 |   804 |  1196 |  1223 |  2651 |  4169 || 10482
  Block: Buckler           |       |       |    10 |    74 |   230 |   293 |   381 |    19 |       ||  1007
         Other             |       |       |       |       |       |       |       |       |   575 ||   575
         Reflection        |       |       |       |       |       |       |       |       |     7 ||     7

Levels and vault maps discovered:
D:1:      lightli_arrival_quake, layout_rooms
D:2:      layout_loops_ring, dilly_ecumenical_altar_fadedgnrine,
          nicolae_eternal_life, kennysheep_small_spiral, uniq_jessica,
          uniq_robin
D:3:      layout_basic, serial_shops, nicolae_lakefront_shop, shop,
          nicolae_shop_window_shopping, uniq_sigmund, uniq_natasha,
          uniq_crazy_yiuf_cottage, uniq_terence
D:4:      layout_gridville, vehumet_altar_wand_db,
          nicolae_overflow_hidden_temple, kennysheep_mini, uniq_edmund
D:5:      cheibrodos_iron_armory, layout_basic,
          mainiacjoe_overflow_small_starburst, minmay_crystal_room, hex_large,
          uniq_blork_the_orc
D:6:      layout_rooms, supply_closet_lemuel
D:7:      layout_basic, led_sif_book, mainiacjoe_overflow_24_doors,
          temple_doors_cd, serial_shops, shop, palyth_stone_intersect,
          skrybe_limestone_x, minmay_misc_feat_room, st_stairs_9
D:8:      minmay_gate_of_8, layout_cave_pods, enter_bailey_7,
          introduction_to_nature_2, uniq_pikel
D:9:      layout_loops_corners, mainiacjoe_overflow_cross_hatched,
          mainiacjoe_overflow_paths, kennysheep_okawaru_gauntlet,
          nicolae_dithmenos_the_darkroom, nemelex_diamond_rough_becter,
          nicolae_overflow_crystal_walls, serial_bayou_pond_a,
          amcnicky_mini_corridor_feature, uniq_maggie, uniq_harold
D:10:     layout_basic, nicolae_wu_jian_wuxing_cycle, uniq_maurice, uniq_erica
D:11:     nicolae_cairo_tiling, layout_rooms, minmay_between, uniq_nergalle
D:12:     layout_cave_pools
D:13:     layout_big_octagon, lightli_vaults_fourway_checkpoint,
          kennysheep_cross_bottleneck
D:14:     layout_cave_pods, nicolae_trove_entry_crossroad, serial_bayou_pond_c,
          yredelemnul_forgotten_temple_becter
D:15:     grunt_enter_depths_magical_seal, layout_loops_ring
Lair:1:   beast_lair_carwin_large_3, layout_regular_city, serial_bayou_pond_e,
          serial_bayou_pond_d, grunt_megastairs_3, serial_bayou_shore_a
Lair:2:   layout_hall_layers, elwin_shoals_entry_rooms, dreamdust_wasp_nest,
          lemuel_fruit_fields, uniq_amaemon
Lair:3:   layout_chaotic_city, nicolae_spider_entry_tight_spaces,
          nzn_sisyphean_effort, infiniplex_staircase_pool_2
Lair:4:   layout_roguey, portal_ice_cave_demonic_guard, grunt_megastairs_4
Lair:5:   guppyfry_lair_end_dragon, layout_hall_layers, wormcave,
          dpeg_slime_entry_enclosed, grunt_megastairs_2, uniq_sonja
Shoals:1: layout_shoals, nicolae_alphabet_shops, uniq_donald
Shoals:2: nzn_motion_control, layout_shoals, nicolae_shop_clearance, uniq_kirke,
          uniq_ilsuiw, uniq_nikola, uniq_mlioglotl
Shoals:3: layout_shoals, gammafunk_ghost_wrathful_warriors
Shoals:4: shoals_end_grunt_ice, layout_shoals, uniq_aizul
Spider:1: layout_spider_delve, drop_trap, nicolae_spider_bug_shape
Spider:2: layout_spider_delve, nicolae_spider_webbed_stairs,
          nicolae_spider_cling_halls
Spider:3: layout_chambers, uniq_jorgrun, uniq_arachne
Spider:4: johnstein_spider_rune_arachne_lair, spiders_nest_the_unseen
Slime:1:  cheibrodos_slime_lost_civilization_9, layout_caves, basic_altar
Slime:2:  layout_caves, basic_altar, uniq_dissolution
Slime:3:  layout_caves, nicolae_slime_phagocytosis
Slime:4:  layout_caves
Slime:5
Orc:1:    gammafunk_beogh_shrine, layout_caves, minmay_orc_barracks
Orc:2:    st_orc_rangers, layout_diamond_mine, uniq_josephine, uniq_erolcha
Elf:1:    elf_arrival_002, layout_loops_cross, serial_shops, nicolae_shop_trees,
          minmay_elf_crystal_heptagon, dreamdust_princess_corridor,
          dk_noncrumbling_4, dk_noncrumbling_3
Elf:2:    elven_hall_of_blades_hangedman_original
          [nicolae_blade_entry_antechamber], layout_loops_cross,
          nicolae_stop_n_shop_2
Elf:3:    minmay_elf_hall, layout_rooms, solitary_fountain, grunt_ministairs_8,
          minmay_strange_pillars, uniq_louise
Vaults:1: v_misc_24, v_misc_1, nicolae_vaults_arrows, v_misc_30,
          vaults_mumra_lcd, nicolae_vaults_diagonal_hallway_8, v_pattern_3,
          hangedman_vaults_nodes, ontoclasm_vaults_decontamination,
          vaults_room_fours, nicolae_vaults_asterisk,
          layout_vaults_chaotic_city, serial_shops, shop
Vaults:2: ebering_ghost_reflecting_pool, st_diamondy, grunt_vaults_focal,
          nicolae_vaults_asterisk, minmay_crypt_entry_skeletal_spiral,
          hangedman_vaults_trim, nicolae_vaults_mini_display_case, v_misc_3,
          grunt_vaults_hallway_short, nicolae_vaults_three_branches,
          nicolae_vaults_network_periphery, v_pattern_4,
          nicolae_vaults_little_squares_5, nicolae_vaults_little_squares_1,
          layout_vaults_omnicross, serial_shops, nicolae_diamond_shop,
          uniq_frederick
Vaults:3: grunt_vaults_hallway_short, hangedman_vaults_capsules,
          nicolae_vaults_network_s, v_misc_26, nicolae_vaults_big_angled_halls,
          nicolae_vaults_little_squares_3, nicolae_vaults_rhombus_6, v_misc_18,
          layout_vaults_omnigrid, uniq_boris
Vaults:4: ploomutoo_gammafunk_ghost_potion_laboratory, grunt_vaults_funnel,
          vaults_mumra_chevron, vaults_room_octagon, v_misc_3,
          ontoclasm_vaults_ring_small, hangedman_vaults_snaps, v_pattern_5,
          grunt_vaults_diagonal, vaults_mumra_minichess_inversion,
          st_more_cells, vaults_mumra_minichess,
          hangedman_vaults_stretched_pinwheel, nicolae_vaults_asterisk,
          nicolae_vaults_shelves_hall, hangedman_vaults_stretched_pinwheel,
          ontoclasm_vaults_loading_screen, layout_vaults_omnibox,
          uniq_saint_roka, uniq_bai_suzhen, uniq_mennas, uniq_sojobo,
          uniq_zenata
Vaults:5: serial_shops
Crypt:1:  layout_basic, grunt_crypt_arrival_guarded_gate
Crypt:2:  layout_gridlike, gammafunk_ghost_mausoleum, uniq_margery
Crypt:3:  church_of_pain_bobbens, layout_chaotic_city, hellmonk_scarab_ruin,
          uniq_grunn
Tomb:1
Depths:1: layout_twisted_cross, hell_entry, serial_shops, bzr_in_the_mist,
          minmay_splitting_lines, abyss_entry_crystal, drop_trap,
          kennysheep_generic_room_15, grunt_megastairs_1, uniq_asterion
Depths:2: minmay_the_grid_triangle_9x9_recursive_3
          [minmay_the_grid_triangle_9x9_wacky_v,
          minmay_the_grid_triangle_9x9_fully_insulated_deathbox,
          minmay_the_grid_triangle_9x9_alien,
          minmay_the_grid_triangle_9x9_prize_insulated,
          minmay_the_grid_triangle_9x9_checkered,
          minmay_the_grid_triangle_9x9_descending_squares,
          minmay_the_grid_triangle_9x9_sprig,
          minmay_the_grid_triangle_9x9_empty,
          minmay_the_grid_triangle_9x9_negative_grid], layout_basic, pan_entry,
          nrook_campfire, abyss_entry, hell_entry
Depths:3: nicolae_hitomezashi [nicolae_hito_row, nicolae_hito_row,
          nicolae_hito_row, nicolae_hito_row, nicolae_hito_row,
          nicolae_hito_row, nicolae_hito_row, nicolae_hito_row,
          nicolae_hito_row, nicolae_hito_row, nicolae_hito_row,
          nicolae_hito_row, nicolae_hito_row, nicolae_hito_row,
          nicolae_hito_row, nicolae_hito_row, nicolae_hito_row,
          nicolae_hito_row], layout_gridlike, abyss_entry,
          infiniplex_enter_wizlab_glasses, pan_entry, hell_entry,
          minmay_misc_feat_alley, nicolae_transporter_circle,
          infiniplex_staircase_squiggle
Depths:4: grunt_twist_and_shout, layout_basic, enter_ziggurat_b, hell_entry,
          hangedman_decor_riveting
Hell
Zot:1:    grunt_deathspiral_small, layout_concentric_octagons
Zot:2:    layout_cathedral_of_symmetry, nicolae_transmutations_shop,
          uniq_parghit
Zot:3:    layout_concentric_octagons
Zot:4:    layout_gridlike
Zot:5:    layout_onion
Pan:      rand_demon_1, layout_gridlike, nicolae_pan_cerebovesque_3,
          reaverb_pan_figure_eight, gammafunk_dig_for_victory, layout_gridlike,
          nicolae_pan_diamonds, layout_gridlike, pan_blood_fountain_2,
          nicolae_pan_double_arrow, layout_onion_city, evilmike_mini_pan_corner,
          layout_chambers, evilmike_mini_pan_corner, layout_small_grid,
          rand_demon_7, layout_grid_shapes, pan_blood_fountain_2, rand_demon_3,
          layout_small_grid, lemuel_hellion_island, layout_irregular_city,
          cerebov, layout_stronghold, evilmike_mini_pan_doors_b,
          layout_irregular_city, mnoleg, layout_long_grid,
          nicolae_pan_cerebovesque_2, gloorx_vloq, layout_pan_divisions_a
          [pan_division_quadrant_a3, pan_division_quadrant_a6,
          pan_division_quadrant_a2, pan_division_quadrant_a6,
          pan_division_octagon_rings], nicolae_pan_sick_transit, pan_surprise

Notes
Turn   | Place    | Note
-------+----------+-------------------------------------------
     0 | D:1      | scionoferis the Demigod Hexslinger began the quest for the
                  | Orb.
     0 | D:1      | Reached XP level 1. HP: 15/15 MP: 4/4
    21 | D:1      | Reached skill level 1 in Fighting
    28 | D:1      | Reached skill level 2 in Dodging
    97 | D:1      | Reached XP level 2. HP: 19/23 MP: 5/5
   242 | D:1      | Reached skill level 1 in Stealth
   491 | D:2      | Reached XP level 3. HP: 28/28 MP: 6/6
   648 | D:2      | Noticed Jessica
   650 | D:2      | Killed Jessica
   651 | D:2      | Reached skill level 1 in Long Blades
   855 | D:2      | Reached XP level 4. HP: 36/36 MP: 8/8
  1559 | D:2      | Noticed Robin
  1567 | D:2      | Killed Robin
  1568 | D:2      | Reached skill level 3 in Dodging
  1766 | D:3      | Noticed Sigmund
  1866 | D:3      | Found Orghugef's Distillery.
  2224 | D:3      | Found a runed translucent door.
  2225 | D:3      | Noticed Crazy Yiuf
  2405 | D:3      | Found Maenybb's Antique Armour Shoppe.
  2424 | D:3      | Noticed Terence
  2431 | D:3      | Reached skill level 2 in Fighting
  2431 | D:3      | Reached skill level 2 in Long Blades
  2431 | D:3      | Reached XP level 5. HP: 41/41 MP: 9/9
  2432 | D:3      | Killed Terence
  2433 | D:3      | Reached skill level 2 in Stealth
  2487 | D:3      | Noticed Natasha
  2517 | D:3      | Killed Natasha
  2621 | D:3      | Noticed Natasha
  2643 | D:3      | Killed Natasha
  2716 | D:3      | Found Jyir's Armour Boutique.
  2724 | D:3      | Noticed Natasha
  2739 | D:3      | Killed Natasha
  3245 | D:4      | Noticed an ogre
  3334 | D:4      | Killed an ogre
  3335 | D:4      | Reached skill level 4 in Dodging
  3335 | D:4      | Reached XP level 6. HP: 50/50 MP: 10/10
  3483 | D:4      | Noticed a steam dragon
  3525 | D:4      | Reached skill level 3 in Long Blades
  3801 | D:4      | Noticed Edmund
  4168 | D:4      | Killed a steam dragon
  4169 | D:4      | Reached skill level 3 in Fighting
  4169 | D:4      | Reached skill level 3 in Stealth
  4169 | D:4      | Reached XP level 7. HP: 51/57 MP: 11/11
  4253 | D:5      | Entered Level 5 of the Dungeon
  4325 | D:5      | Noticed Blork the orc
  4509 | D:5      | Reached skill level 4 in Long Blades
  4558 | D:5      | Reached skill level 5 in Dodging
  4681 | D:5      | Got A Beginning Course on Theurgy
  4764 | D:3      | Bought a pair of embroidered gloves for 195 gold pieces
  4813 | D:3      | Killed Sigmund
  4933 | D:3      | Bought a potion of heal wounds for 50 gold pieces
  5104 | D:3      | Killed Crazy Yiuf
  5621 | D:6      | Reached XP level 8. HP: 64/64 MP: 12/12
  5838 | D:5      | Noticed a rust devil
  5838 | D:5      | Noticed a rust devil
  6344 | D:4      | Killed Edmund
  6345 | D:4      | Reached skill level 5 in Long Blades
  6345 | D:4      | Reached skill level 4 in Stealth
  6345 | D:4      | Reached skill level 1 in Evocations
  6418 | D:5      | Killed Blork the orc
  6530 | D:7      | You fall into a shaft and drop 2 floors!
  6601 | D:9      | Noticed Maggie
  6637 | D:9      | Reached skill level 4 in Fighting
  6637 | D:9      | Reached skill level 6 in Dodging
  6715 | D:8      | Noticed Pikel
  6774 | D:8      | Killed Pikel
  6775 | D:8      | Reached skill level 2 in Evocations
  6776 | D:8      | Reached skill level 6 in Long Blades
  6776 | D:8      | Reached XP level 9. HP: 26/72 MP: 13/13
  6959 | D:8      | Found a runed translucent door.
  6959 | D:8      | Noticed a deep elf pyromancer
  6961 | D:8      | Noticed a centaur warrior
  6961 | D:8      | Noticed a cyclops
  6961 | D:8      | Noticed a cyclops
  6961 | D:8      | Noticed a tengu warrior
  7062 | D:8      | Reached skill level 5 in Stealth
  7271 | D:8      | Reached skill level 7 in Dodging
  7287 | D:8      | Reached skill level 3 in Evocations
  7500 | D:8      | Reached skill level 5 in Fighting
  7506 | D:8      | Reached skill level 7 in Long Blades
  8094 | D:8      | Paralysed by a hornet for 1 turns
  8519 | D:8      | Noticed a jorogumo
  8556 | D:7      | Found Umybloge's Antique Armour Shop.
  8636 | D:7      | Reached XP level 10. HP: 59/81 MP: 14/14
  8644 | D:7      | Reached skill level 8 in Dodging
  9074 | D:7      | Reached skill level 6 in Stealth
  9276 | D:7      | Reached skill level 4 in Evocations
  9347 | D:7      | Found a staircase to the Ecumenical Temple.
  9713 | D:7      | Noticed a red ugly thing
  9813 | D:6      | Killed a rust devil
  9814 | D:6      | Reached skill level 8 in Long Blades
 10052 | D:3      | Bought a potion of mutation for 80 gold pieces
 10282 | D:6      | Killed a rust devil
 10419 | D:7      | Killed a red ugly thing
 10420 | D:7      | Reached skill level 6 in Fighting
 10452 | D:9      | Noticed Harold
 10636 | D:9      | Noticed a two-headed ogre
 10654 | D:9      | Killed a two-headed ogre
 10924 | D:9      | Found a staircase to the Lair.
 10978 | D:9      | Reached skill level 9 in Dodging
 11356 | D:9      | Killed Harold
 11476 | D:9      | Reached XP level 11. HP: 88/89 MP: 15/15
 11794 | D:9      | Killed Maggie
 11918 | D:10     | Entered Level 10 of the Dungeon
 11961 | D:10     | Reached skill level 5 in Evocations
 12151 | D:10     | Noticed Maurice
 12253 | D:10     | Reached skill level 9 in Long Blades
 12253 | D:10     | Reached skill level 7 in Stealth
 12726 | D:10     | Noticed Erica
 13293 | D:10     | Killed Erica
 13361 | D:10     | Killed Maurice
 13763 | D:11     | Noticed a skeletal warrior
 13768 | D:11     | Noticed a skeletal warrior
 13772 | D:11     | Noticed a skeletal warrior
 13776 | D:11     | Noticed a skeletal warrior
 13782 | D:11     | Noticed a skeletal warrior
 13799 | D:10     | Killed a skeletal warrior
 14064 | D:11     | Found a staircase to the Orcish Mines.
 14260 | D:11     | Noticed Nergalle
 14392 | D:11     | Reached skill level 10 in Dodging
 14451 | D:10     | Killed a skeletal warrior
 14546 | D:10     | Killed a skeletal warrior
 14547 | D:10     | Reached skill level 7 in Fighting
 14725 | D:11     | Killed a skeletal warrior
 14884 | D:11     | Killed a skeletal warrior
 15102 | D:12     | Reached skill level 10 in Long Blades
 15106 | D:12     | Reached skill level 6 in Evocations
 15179 | D:12     | Noticed a skeletal warrior
 15179 | D:12     | Noticed a skeletal warrior
 15180 | D:12     | Noticed a skeletal warrior
 15328 | D:11     | Reached XP level 12. HP: 59/100 MP: 16/16
 15332 | D:11     | Reached skill level 8 in Stealth
 15574 | D:11     | You fall into a shaft and drop 1 floor!
 16270 | D:11     | Killed Nergalle
 16560 | D:12     | Reached skill level 11 in Dodging
 17084 | D:8      | Noticed a great orb of eyes
 17106 | D:8      | a great orb of eyes changed into an ice dragon
 17106 | D:8      | Noticed an ice dragon (shapeshifter)
 17131 | D:8      | an ice dragon changed into a fire dragon
 17131 | D:8      | Noticed a fire dragon (shapeshifter)
 17172 | D:8      | a fire dragon changed into a tyrant leech
 17183 | D:8      | Killed a centaur warrior
 17215 | D:8      | Reached skill level 11 in Long Blades
 17433 | D:8      | Got the Directory of Injury
 17436 | D:8      | Identified the +6 flail of the Gazing Traitor {protect,
                  | *Corrode Fly rF++ SInv}
 17441 | D:8      | Identified the +7 halberd "Uclim" {drain, rPois Will+
                  | Dex+4}
 17517 | D:8      | Got the Incunabulum of Nature
 17639 | D:9      | Identified a potion of resistance
 17648 | Lair:1   | Entered Level 1 of the Lair of Beasts
 17696 | Lair:1   | Reached skill level 8 in Fighting
 17825 | Lair:1   | Reached skill level 7 in Evocations
 18640 | Lair:1   | Identified the +1 ring mail of Lust {+Blink rN++ Int-4
                  | SInv}
 19136 | Lair:2   | Reached XP level 13. HP: 107/107 MP: 17/17
 19170 | Lair:2   | Reached skill level 9 in Stealth
 19611 | Lair:2   | Paralysed by a hornet for 3 turns
 20006 | Lair:2   | Noticed Amaemon
 20170 | Lair:2   | Killed Amaemon
 20294 | Lair:2   | Reached skill level 12 in Dodging
 20365 | Lair:2   | Found a staircase to the Shoals.
 20720 | Lair:3   | You fall into a shaft and drop 2 floors!
 20720 | Lair:5   | Entered Level 5 of the Lair of Beasts
 20977 | Lair:5   | Reached skill level 12 in Long Blades
 21179 | Lair:5   | Identified the +0 ring mail of Tomorrow {Will+ Int+4}
 21309 | Lair:4   | Found a frozen archway.
 21382 | IceCv    | Entered an ice cave
 21579 | IceCv    | Reached skill level 8 in Evocations
 22200 | IceCv    | Reached skill level 9 in Fighting
 22337 | IceCv    | Found the +4 skin of Zhor {*Englaciate rC+++ SInv}
 22428 | IceCv    | Reached skill level 10 in Stealth
 22527 | IceCv    | Got Exzera's Collected Works on Rime
 22532 | IceCv    | Identified the amulet "Conabe" {Spirit Dex+3}
 22952 | Lair:3   | Reached XP level 14. HP: 118/118 MP: 19/19
 23020 | Lair:3   | Identified the +2 sling of Qaisa {freeze, rElec rF- MP+9}
 23095 | Lair:3   | Reached skill level 13 in Long Blades
 23423 | Lair:3   | Found a hole to the Spider Nest.
 24327 | Lair:5   | Noticed Sonja
 24332 | Lair:5   | Killed Sonja
 24670 | Lair:5   | Found a runed translucent door.
 24817 | Lair:5   | Reached skill level 9 in Evocations
 25099 | Lair:5   | Reached skill level 13 in Dodging
 25599 | Lair:5   | Reached skill level 10 in Fighting
 25942 | Lair:5   | Reached skill level 14 in Long Blades
 26084 | Lair:5   | Found a staircase to the Slime Pits.
 26341 | Orc:1    | Entered Level 1 of the Orcish Mines
 26583 | Orc:2    | Entered Level 2 of the Orcish Mines
 26648 | Orc:2    | Noticed Erolcha
 26666 | Orc:2    | Killed Erolcha
 27140 | Orc:1    | Found a transporter.
 27141 | Orc:1    | Found a transporter.
 27223 | Orc:1    | Noticed an orc warlord
 27234 | Orc:1    | Killed an orc warlord
 27495 | Orc:2    | Found a staircase to the Elven Halls.
 28077 | Orc:2    | Noticed Josephine
 28092 | Orc:2    | Killed Josephine
 28518 | Orc:2    | Found Qiamuach's Antique Armour Boutique.
 28518 | Orc:2    | Found Piqos's Antique Armour Emporium.
 28520 | Orc:2    | Found Jochosul's Antique Weapon Shoppe.
 28522 | Orc:2    | Found Qamiod's Antique Weapon Shop.
 28675 | Orc:2    | Bought a glimmering helmet for 266 gold pieces
 28675 | Orc:2    | Identified the +0 helmet "Uwnadd" {*Corrode Regen+ Dex+3}
                  | (You bought it in a shop on level 2 of the Orcish Mines)
 28675 | Orc:2    | Bought an ichor-stained helmet for 266 gold pieces
 28675 | Orc:2    | Identified the +1 helmet "Uzes" {Rampage rElec SInv} (You
                  | bought it in a shop on level 2 of the Orcish Mines)
 28946 | Orc:1    | Reached skill level 15 in Long Blades
 28948 | Orc:1    | Reached XP level 15. HP: 85/126 MP: 13/20
 29665 | D:7      | Got Sif Muna's Grimoire of Arcane Weapons
 30525 | D:13     | Found a gate to the Vaults.
 30873 | D:12     | Reached skill level 14 in Dodging
 31699 | D:14     | Reached skill level 16 in Long Blades
 31964 | D:14     | Found a portal to a secret trove of treasure.
 31980 | D:14     | Identified a +1 robe of the Archmagi
 32775 | D:15     | Entered Level 15 of the Dungeon
 33464 | D:15     | Found a staircase to the Depths.
 33825 | Spider:1 | Entered Level 1 of the Spider Nest
 35002 | Spider:1 | Reached skill level 15 in Dodging
 35081 | Spider:1 | Reached XP level 16. HP: 135/135 MP: 21/21
 35724 | Spider:2 | You fall into a shaft and drop 1 floor!
 35792 | Spider:3 | Noticed Arachne
 35809 | Spider:3 | Killed Arachne
 35988 | Spider:3 | Noticed Jorgrun
 36019 | Spider:3 | Upgraded the game from 0.30-a0-728-gc68057be0a to
                  | 0.30-a0-737-gf23d94013f
 36352 | Spider:2 | Reached skill level 17 in Long Blades
 36820 | Spider:3 | Reached skill level 11 in Stealth
 37027 | Spider:3 | Learned a level 1 spell: Apportation
 37236 | Spider:3 | Reached skill level 10 in Evocations
 37608 | Spider:3 | Killed Jorgrun
 37710 | Spider:4 | Entered Level 4 of the Spider Nest
 37734 | Spider:4 | Reached skill level 1 in Translocations
 38072 | Spider:4 | Reached skill level 2 in Spellcasting
 38325 | Spider:4 | Reached skill level 2 in Translocations
 38476 | Spider:4 | Reached skill level 11 in Fighting
 38882 | Spider:4 | Reached skill level 3 in Spellcasting
 38992 | Spider:4 | Reached skill level 3 in Translocations
 39433 | Spider:4 | Reached XP level 17. HP: 144/144 MP: 26/26
 39617 | Spider:4 | Reached skill level 16 in Dodging
 39617 | Spider:4 | Reached skill level 4 in Translocations
 39819 | Spider:4 | Got a gossamer rune of Zot
 39856 | Spider:4 | Reached skill level 4 in Spellcasting
 40777 | Orc:2    | Bought the +2 cloak of the Thief {*Fog Slay-2 SInv Stlth+}
                  | for 562 gold pieces
 40777 | Orc:2    | Found the +2 cloak of the Thief {*Fog Slay-2 SInv Stlth+}
 40999 | Shoals:1 | Entered Level 1 of the Shoals
 41501 | Shoals:1 | Noticed Donald
 41521 | Shoals:1 | Killed Donald
 41538 | Shoals:1 | Found Nerchoxi's Needful Niceties.
 42418 | Shoals:2 | Noticed Mlioglotl
 42419 | Shoals:2 | Found Delawyopn's CLEARANCE SALE!.
 42422 | Shoals:2 | Killed Mlioglotl
 42435 | Shoals:2 | Noticed Nikola
 42445 | Shoals:2 | Killed Nikola
 43141 | Shoals:2 | Noticed Kirke
 43158 | Shoals:2 | Killed Kirke
 43228 | Shoals:2 | Reached skill level 5 in Spellcasting
 43305 | Shoals:2 | Noticed Ilsuiw
 43311 | Shoals:2 | Killed Ilsuiw
 43690 | Shoals:3 | Reached skill level 5 in Translocations
 43936 | Shoals:3 | Found a transporter.
 43944 | Shoals:3 | Noticed Newt's ghost (adept DsGl)
 44001 | Shoals:3 | Found a transporter.
 45834 | Shoals:4 | Entered Level 4 of the Shoals
 46203 | Shoals:4 | Reached skill level 12 in Stealth
 46290 | Shoals:4 | Reached skill level 6 in Spellcasting
 46309 | Shoals:4 | Identified the +1 leather armour "Ezetelef" {Str+4}
 46346 | Shoals:4 | Learned a level 2 spell: Wereblood
 46388 | Shoals:4 | Reached skill level 11 in Evocations
 46636 | Shoals:4 | Reached skill level 1 in Transmutations
 46723 | Shoals:4 | Reached skill level 2 in Transmutations
 46771 | Shoals:4 | Identified the ring "Juuruys" {rF+ Str+6 Dex+4}
 46818 | Shoals:4 | Reached XP level 18. HP: 112/153 MP: 31/31
 46883 | Shoals:4 | Got a barnacled rune of Zot
 46935 | Shoals:4 | Identified the +5 trident "Vumuf" {flame, rElec}
 47014 | Shoals:4 | Noticed Aizul
 47510 | Shoals:4 | Killed Aizul
 48250 | Shoals:3 | Killed Newt's ghost
 48251 | Shoals:3 | Reached skill level 3 in Transmutations
 48739 | Shoals:3 | Reached skill level 17 in Dodging
 49062 | Elf:1    | Entered Level 1 of the Elven Halls
 49147 | Elf:1    | Reached skill level 12 in Fighting
 49349 | Elf:1    | Reached skill level 4 in Transmutations
 49720 | Elf:1    | Noticed a juggernaut
 50109 | Elf:1    | Found Cexaewaj's Armour Emporium.
 50445 | Elf:2    | Found a runed translucent gate.
 50445 | Elf:2    | Found a runed translucent gate.
 50445 | Elf:2    | Found a runed translucent gate.
 50472 | Elf:2    | Reached skill level 5 in Transmutations
 50507 | Elf:2    | Learned a level 4 spell: Passage of Golubria
 50585 | Elf:2    | Found Kujucenu's Jewellery Shop.
 50728 | Elf:2    | Learned a level 2 spell: Lesser Beckoning
 50903 | Elf:3    | Entered Level 3 of the Elven Halls
 51381 | Elf:3    | Paralysed by an air elemental for 1 turns
 51995 | Elf:3    | Reached skill level 18 in Long Blades
 52109 | Elf:3    | Identified the +11 morningstar "Hegod" {freeze, rN+ Str+3}
 52109 | Elf:3    | Identified the ring of Veacvyry {Wiz rN+ Int+5}
 52332 | Elf:3    | Noticed Louise
 52350 | Elf:3    | Killed Louise
 52470 | Elf:3    | Identified the +5 war axe of Honour {freeze, Fragile rPois
                  | Dex+5}
 53221 | Elf:3    | Reached skill level 6 in Translocations
 53254 | Elf:3    | Identified the +1 robe of the Moon {Rampage}
 53367 | Elf:3    | Found the +3 pair of gauntlets of War {Slay+5}
 53368 | Elf:3    | Got the Encyclopedia of the Numb Spider
 53371 | Elf:3    | Identified the +1 falchion of the Final Decision {speed,
                  | rF++ Will+}
 53376 | Elf:3    | Got the Book of Transition
 54363 | Vaults:1 | Entered Level 1 of the Vaults
 54397 | Vaults:1 | Reached XP level 19. HP: 161/161 MP: 33/33
 54629 | Shoals:1 | Bought a manual of Necromancy for 1120 gold pieces
 54638 | Shoals:1 | Learned a level 6 spell: Death Channel
 54953 | Vaults:1 | Reached skill level 1 in Necromancy
 54976 | Vaults:1 | Reached skill level 13 in Stealth
 55099 | Vaults:1 | Reached skill level 2 in Necromancy
 55384 | Vaults:1 | Identified the +0 plate armour of Ignis, Threshing {Harm}
 55457 | Vaults:1 | Reached skill level 3 in Necromancy
 55548 | Vaults:1 | Found Foes's Antique Armour Shop.
 55890 | Vaults:1 | Reached skill level 4 in Necromancy
 56119 | Vaults:1 | Reached skill level 6 in Transmutations
 56170 | Vaults:1 | Reached skill level 12 in Evocations
 56222 | Vaults:1 | Reached skill level 7 in Spellcasting
 56222 | Vaults:1 | Reached skill level 5 in Necromancy
 56844 | Vaults:1 | Learned a level 2 spell: Passwall
 57145 | Vaults:2 | Reached skill level 6 in Necromancy
 57210 | Vaults:2 | Reached skill level 7 in Translocations
 57215 | Vaults:2 | Reached skill level 7 in Transmutations
 57264 | Vaults:2 | Reached skill level 18 in Dodging
 57431 | Vaults:2 | Noticed Frederick
 57439 | Vaults:2 | Killed Frederick
 57478 | Vaults:2 | Reached skill level 7 in Necromancy
 57570 | Vaults:2 | Reached skill level 13 in Fighting
 58055 | Vaults:2 | Reached skill level 8 in Necromancy
 58099 | Vaults:2 | Found a staircase to the Crypt.
 58500 | Vaults:2 | Found Bohilul's Magic Scroll Shop.
 58569 | Vaults:2 | Reached skill level 8 in Transmutations
 58695 | Vaults:2 | Identified the ring of Wegra {rPois MP+9 Dex+3}
 58842 | Vaults:2 | Reached XP level 20. HP: 171/171 MP: 36/36
 58892 | Vaults:2 | Found a runed translucent door.
 58894 | Vaults:2 | Noticed Feshunla's ghost (adept KoEn)
 58903 | Vaults:2 | Killed Feshunla's ghost
 59122 | Vaults:3 | Reached skill level 9 in Necromancy
 59639 | Vaults:3 | Identified the +1 robe of Spite {Int-2 Dex+6}
 59647 | Vaults:3 | Identified the +1 plate armour of Ovivu {-Tele rF+ rN+
                  | Dex+4}
 59670 | Vaults:3 | Noticed Boris
 59821 | Vaults:3 | Killed Boris
 59822 | Vaults:3 | Reached skill level 8 in Spellcasting
 59822 | Vaults:3 | Reached skill level 8 in Translocations
 59825 | Vaults:3 | Reached skill level 10 in Necromancy
 60729 | Vaults:3 | Reached skill level 11 in Necromancy
 61457 | Vaults:4 | Reached skill level 12 in Necromancy
 61624 | Vaults:4 | Noticed Bai Suzhen
 61625 | Vaults:4 | Reached skill level 19 in Long Blades
 61627 | Vaults:4 | Noticed Mennas
 61950 | Vaults:4 | Noticed Zenata
 61960 | Vaults:4 | Killed Zenata
 62256 | Vaults:4 | Noticed Saint Roka
 62280 | Vaults:4 | Killed Saint Roka
 62285 | Vaults:4 | Reached skill level 13 in Necromancy
 62301 | Vaults:4 | Noticed Sojobo
 62309 | Vaults:4 | Killed Sojobo
 63454 | Vaults:4 | Killed Mennas
 63998 | Vaults:4 | Found a runed translucent gate.
 63998 | Vaults:4 | Found a runed translucent gate.
 64005 | Vaults:4 | Reached skill level 19 in Dodging
 64007 | Vaults:4 | Found a runed translucent gate.
 64051 | Vaults:4 | Killed Bai Suzhen
 64190 | Vaults:2 | Bought a scroll of acquirement for 1144 gold pieces
 64872 | Vaults:4 | Reached XP level 21. HP: 178/178 MP: 38/38
 64986 | Vaults:4 | Found a runed translucent gate.
 64986 | Vaults:4 | Found a runed translucent gate.
 64997 | Vaults:4 | Noticed Feshunla's ghost (adept KoEn)
 64999 | Vaults:4 | Found a runed translucent gate.
 65233 | Vaults:4 | Killed Feshunla's ghost
 65256 | Vaults:4 | Gained mutation: You are weak. (Str -2) [a cacodemon]
 65348 | Vaults:4 | Identified the +0 pair of boots "Archa" {MP+9 Str+5 Dex-2}
 65833 | Elf:2    | Reached skill level 9 in Transmutations
 65851 | Elf:2    | Reached skill level 14 in Necromancy
 66641 | Depths:1 | Entered Level 1 of the Depths
 66797 | Depths:1 | Reached skill level 10 in Transmutations
 66828 | Depths:1 | Found a one-way gate to the infinite horrors of the Abyss.
 67233 | Depths:1 | Found a gateway to Hell.
 67252 | Depths:1 | Identified the +2 kite shield "Xesesk" {Dex+8}
 67252 | Depths:1 | Noticed Asterion
 67280 | Depths:1 | Found a gateway to a bazaar.
 67281 | Depths:1 | Killed Asterion
 67986 | Depths:2 | Reached skill level 11 in Transmutations
 68242 | Depths:2 | Found a runed translucent door.
 68242 | Depths:2 | Found a runed translucent door.
 68244 | Depths:2 | Found a runed translucent door.
 68745 | Depths:2 | Reached skill level 9 in Spellcasting
 69068 | Depths:3 | Found a magical portal.
 69085 | WizLab   | Entered Lehudib's Moon Base
 69103 | WizLab   | Found a transporter.
 69146 | WizLab   | Reached skill level 12 in Transmutations
 70150 | WizLab   | Found a transporter.
 70317 | WizLab   | Reached skill level 13 in Transmutations
 70434 | WizLab   | Upgraded the game from 0.30-a0-737-gf23d94013f to
                  | 0.30-a0-738-g116ff8c4af
 70498 | WizLab   | Identified the +1 troll leather armour of the Centipede
                  | {Drain rElec Regen+ Str+5 Int+3}
 70557 | WizLab   | Identified the ring "Yxzilesa" {rPois rC+ rN+ Will- Slay+3}
 70561 | WizLab   | Identified the +2 scale mail of Dogmatism {*Slow Dex-5 SInv
                  | Stlth+}
 70740 | Depths:3 | Found a one-way gate leading to the halls of Pandemonium.
 70777 | Depths:3 | Reached XP level 22. HP: 185/185 MP: 40/40
 71103 | Depths:3 | Found a transporter.
 71105 | Depths:3 | Found a transporter.
 71119 | Depths:3 | Found a transporter.
 71226 | Depths:3 | Reached skill level 20 in Long Blades
 71464 | Depths:3 | Found a transporter.
 73697 | Bazaar   | Entered a bazaar
 73697 | Bazaar   | Found Qyozasch's General Store.
 73700 | Bazaar   | Found Usytsor's Distillery.
 73710 | Bazaar   | Found Oplir's General Store.
 73740 | Bazaar   | Found Vorogece's Magic Scroll Shop.
 73751 | Bazaar   | Found Iqung's Jewellery Boutique.
 73768 | Bazaar   | Bought a scroll of enchant weapon for 90 gold pieces
 73778 | Bazaar   | Bought 3 silver boomerangs for 270 gold pieces
 73778 | Bazaar   | Bought a +0 pair of boots of flying for 172 gold pieces
 73801 | Bazaar   | Bought a wand of paralysis (6) for 129 gold pieces
 73803 | Bazaar   | Bought a potion of curing for 27 gold pieces
 74119 | Depths:4 | Entered Level 4 of the Depths
 74120 | Depths:4 | Noticed Boris
 74134 | Depths:3 | Reached skill level 14 in Transmutations
 74142 | Depths:3 | Killed Boris
 74560 | Depths:4 | Found a gate to the Realm of Zot.
 74598 | Depths:4 | Reached skill level 15 in Necromancy
 74865 | Depths:4 | Found a one-way gateway to a ziggurat.
 75923 | Crypt:1  | Entered Level 1 of the Crypt
 76149 | Crypt:1  | Reached skill level 10 in Spellcasting
 76877 | Crypt:2  | Reached skill level 20 in Dodging
 76942 | Crypt:2  | Noticed a curse skull
 76949 | Crypt:2  | Killed a curse skull
 77017 | Crypt:2  | Reached skill level 15 in Transmutations
 77155 | Crypt:2  | Found a transporter.
 77156 | Crypt:2  | Noticed Vetoew's ghost (veteran DsSu)
 77178 | Crypt:2  | Noticed Boris
 77209 | Crypt:2  | Killed Boris
 77234 | Crypt:2  | Noticed a curse skull
 77302 | Crypt:2  | Found a transporter.
 77710 | Crypt:2  | Learned a level 5 spell: Yara's Violent Unravelling
 77714 | Crypt:3  | Entered Level 3 of the Crypt
 77814 | Crypt:3  | Noticed Grunn
 77822 | Crypt:3  | Killed Grunn
 77849 | Crypt:3  | Identified the +7 long sword "Gavuopi" {spect, rC+}
 78147 | Crypt:3  | Found a staircase to the Tomb.
 78349 | Crypt:3  | Paralysed by a vampire knight for 3 turns
 78530 | Crypt:3  | Reached XP level 23. HP: 192/192 MP: 43/43
 79214 | Crypt:3  | Got Kikubaaqudgha's Writings on the Crypt
 79227 | Crypt:3  | Identified a +2 robe of resistance
 79655 | Shoals:1 | Bought a Necronomicon for 784 gold pieces
 79665 | Shoals:1 | Learned a level 8 spell: Necromutation
 80581 | Slime:1  | Entered Level 1 of the Pits of Slime
 81404 | Slime:1  | Reached skill level 16 in Transmutations
 81408 | Slime:2  | Noticed Dissolution
 81452 | Slime:1  | Killed Dissolution
 81859 | Slime:1  | Reached skill level 16 in Necromancy
 81900 | Slime:1  | Reached skill level 11 in Spellcasting
 82428 | Slime:3  | Reached skill level 21 in Long Blades
 85087 | Slime:5  | Entered Level 5 of the Pits of Slime
 85264 | Slime:5  | Noticed the Royal Jelly
 85362 | Slime:5  | Killed the Royal Jelly
 86012 | Slime:5  | Found the +3 pair of mountain boots {steadfast, rC+}
 86012 | Slime:5  | Found the +0 mask of the Dragon {Will+ Slay+3 SInv}
 86121 | Slime:5  | Identified the +7 sling "Simuff" {flame, rC- Dex+3}
 86144 | Slime:5  | Got a slimy rune of Zot
 86165 | Slime:5  | Identified the +8 dagger of the Endless Knives {freeze, rF+
                  | rC+ rN+}
 86176 | Slime:5  | Identified the +4 scale mail of Wowodyac {rPois rC+}
 86224 | Slime:5  | Identified the amulet "Awetaan" {Faith rCorr Dex+5}
 88000 | Hell     | Entered the Vestibule of Hell
 88000 | Hell     | Noticed Geryon
 88008 | Hell     | Killed Geryon
 88336 | Hell     | Found a gateway to the Iron City of Dis.
 88934 | Hell     | Found a gateway to the decaying netherworld of Tartarus.
 88938 | Hell     | Reached skill level 17 in Transmutations
 88990 | Hell     | Found a gateway to the ashen valley of Gehenna.
 89192 | Hell     | Found a gateway to the freezing wastes of Cocytus.
 89243 | Hell     | Reached skill level 17 in Necromancy
 90381 | Zot:1    | Entered Level 1 of the Realm of Zot
 90399 | Zot:1    | Reached XP level 24. HP: 200/200 MP: 44/44
 90957 | Zot:1    | Noticed a Killer Klown
 90966 | Zot:1    | Noticed a Killer Klown
 90984 | Zot:1    | Killed a Killer Klown
 91021 | Zot:1    | Killed a Killer Klown
 91530 | Zot:1    | Reached skill level 12 in Spellcasting
 92094 | Zot:1    | Found the +9 staff of Wucad Mu {*channel}
 92329 | D:15     | Lost mutation: You are weak. (Str -2) [potion of mutation]
 92329 | D:15     | Gained mutation: You are dopey. (Int -2) [potion of
                  | mutation]
 92330 | D:15     | Lost mutation: You are dopey. (Int -2) [potion of mutation]
 92330 | D:15     | Gained mutation: You sometimes lose your temper in combat.
                  | [potion of mutation]
 92330 | D:15     | Gained mutation: You have a beak for a mouth. [potion of
                  | mutation]
 92331 | D:15     | Lost mutation: You sometimes lose your temper in combat.
                  | [potion of mutation]
 92331 | D:15     | Lost mutation: You have a beak for a mouth. [potion of
                  | mutation]
 92331 | D:15     | Gained mutation: You are clumsy. (Dex -2) [potion of
                  | mutation]
 92331 | D:15     | Gained mutation: Your natural rate of healing is unusually
                  | fast. [potion of mutation]
 92332 | D:15     | Lost mutation: You are clumsy. (Dex -2) [potion of
                  | mutation]
 92332 | D:15     | Lost mutation: Your natural rate of healing is unusually
                  | fast. [potion of mutation]
 92332 | D:15     | Gained mutation: You do not regenerate when monsters are
                  | visible. [potion of mutation]
 92332 | D:15     | Gained mutation: You have sharp toenails. [potion of
                  | mutation]
 92333 | D:15     | Lost mutation: You have sharp toenails. [potion of
                  | mutation]
 92333 | D:15     | Lost mutation: You do not regenerate when monsters are
                  | visible. [potion of mutation]
 92333 | D:15     | Gained mutation: You have a pair of small horns on your
                  | head. [potion of mutation]
 92333 | D:15     | Gained mutation: You have sharp fingernails. [potion of
                  | mutation]
 92333 | D:15     | Gained mutation: Your mind is acute. (Int +4, Str/Dex -1)
                  | [potion of mutation]
 92334 | D:15     | Lost mutation: Your mind is acute. (Int +4, Str/Dex -1)
                  | [potion of mutation]
 92334 | D:15     | Lost mutation: You have sharp fingernails. [potion of
                  | mutation]
 92334 | D:15     | Gained mutation: You have sharp toenails. [potion of
                  | mutation]
 92334 | D:15     | Gained mutation: You are weak. (Str -2) [potion of
                  | mutation]
 92334 | D:15     | Gained mutation: Your flesh is heat resistant. (rF+)
                  | [potion of mutation]
 92335 | D:15     | Lost mutation: You are weak. (Str -2) [potion of mutation]
 92335 | D:15     | Lost mutation: You have sharp toenails. [potion of
                  | mutation]
 92335 | D:15     | Lost mutation: You have a pair of small horns on your head.
                  | [potion of mutation]
 92335 | D:15     | Gained mutation: Your system is resistant to poisons.
                  | (rPois) [potion of mutation]
 92335 | D:15     | Gained mutation: You have sharp toenails. [potion of
                  | mutation]
 92404 | D:15     | Acquired a ring of protection from cold
 93174 | D:15     | Learned a level 5 spell: Irradiate
 93540 | Vaults:5 | Entered Level 5 of the Vaults
 93547 | Vaults:5 | Reached skill level 21 in Dodging
 93846 | Vaults:5 | Reached skill level 18 in Transmutations
 93867 | Vaults:5 | Reached skill level 18 in Necromancy
 93982 | Vaults:5 | Identified the ring of Cofyl {rPois Str+2}
 94213 | Vaults:5 | Noticed Boris
 94234 | Vaults:4 | Killed Boris
 94840 | Vaults:5 | Reached XP level 25. HP: 144/206 MP: 33/45
 95003 | Vaults:5 | Identified the +3 leather armour of Alebruno {rC+ Stlth+}
 95003 | Vaults:5 | Identified the ring of Dilink {rN+ Will+ Dex+2 Slay+3
                  | Stlth-}
 95029 | Vaults:5 | Noticed an ancient lich
 95036 | Vaults:5 | Killed an ancient lich
 96181 | Vaults:5 | Found the +2 pair of slick slippers {slick, slippery, EV+5}
 96201 | Vaults:5 | Got a silver rune of Zot
 96487 | Vaults:5 | Identified the +6 flail "Homuelyz" {flame, Dex+2}
 96506 | Vaults:5 | Identified the +1 falchion "Acia" {heavy, Int+7}
 97250 | Vaults:2 | Bought a scroll of enchant weapon for 165 gold pieces
 97434 | D:15     | Acquired the amulet "Yganlaig" {Reflect Will+ Regen+ SH+5}
 97488 | Depths:1 | Voluntarily entered the Abyss.
 98097 | Abyss:1  | Reached skill level 22 in Long Blades
 98189 | Abyss:1  | Reached skill level 19 in Transmutations
 98324 | Abyss:1  | Reached skill level 13 in Spellcasting
 98388 | Abyss:1  | Noticed a dread lich
 98406 | Abyss:1  | Killed a dread lich
 98407 | Abyss:1  | Reached skill level 19 in Necromancy
100238 | Abyss:3  | Got an abyssal rune of Zot
100334 | Depths:1 | You pass through the gate.
100334 | Depths:1 | Escaped the Abyss
100437 | D:14     | You showed the abyssal rune of Zot to enter a treasure
                  | trove
100438 | Trove    | Entered a treasure trove
100452 | Trove    | Got Sif Muna's Directory of Loathsome Filth
100456 | Trove    | Got the Volume of the Lofty Plateau
100550 | D:14     | Learned a level 2 spell: Blink
100555 | D:14     | Learned a level 4 spell: Animate Dead
101207 | Tomb:1   | Entered Level 1 of the Tomb of the Ancients
101228 | Tomb:1   | Reached skill level 2 in Ranged Weapons
101228 | Tomb:1   | Reached skill level 20 in Transmutations
101293 | Tomb:1   | Reached skill level 22 in Dodging
101295 | Tomb:1   | Reached skill level 3 in Ranged Weapons
101298 | Tomb:1   | Reached skill level 20 in Necromancy
101388 | Tomb:1   | Reached XP level 26. HP: 214/214 MP: 46/46
101675 | Tomb:1   | Reached skill level 4 in Ranged Weapons
101882 | Tomb:1   | Noticed a royal mummy
101901 | Tomb:1   | Killed a royal mummy
102284 | Crypt:2  | Killed a curse skull
102379 | Crypt:2  | Reached skill level 5 in Ranged Weapons
102398 | Crypt:2  | Killed Vetoew's ghost
102946 | Zot:2    | Noticed an orb of fire
102955 | Zot:2    | Killed an orb of fire
102956 | Zot:2    | Reached skill level 14 in Spellcasting
103189 | Zot:2    | Reached skill level 6 in Ranged Weapons
103358 | Zot:2    | Found Zurph's Changing Room.
103573 | Zot:2    | Reached skill level 7 in Ranged Weapons
103774 | Zot:2    | Noticed Parghit
103933 | Zot:1    | Killed Parghit
104896 | Zot:2    | Reached skill level 8 in Ranged Weapons
104933 | Zot:3    | Noticed a curse toe
105126 | Zot:3    | Noticed an electric golem
105182 | Zot:3    | Killed an electric golem
105202 | Zot:3    | Killed a curse toe
105586 | Zot:3    | Reached skill level 14 in Fighting
105644 | Zot:3    | Noticed an orb of fire
105659 | Zot:3    | Killed an orb of fire
105660 | Zot:3    | Reached skill level 9 in Ranged Weapons
105736 | Zot:3    | You fall into a shaft and drop 1 floor!
105736 | Zot:4    | Noticed a curse toe
105739 | Zot:4    | Killed a curse toe
105740 | Zot:4    | Upgraded the game from 0.30-a0-738-g116ff8c4af to
                  | 0.30-a0-739-gea05faddec
108064 | Zot:5    | Entered Level 5 of the Realm of Zot
108163 | Zot:4    | Learned a level 4 spell: Manifold Assault
108191 | Zot:5    | Reached skill level 10 in Ranged Weapons
108481 | Zot:5    | Noticed an electric golem
108481 | Zot:5    | Noticed an orb of fire
108496 | Zot:5    | Killed an orb of fire
108500 | Zot:5    | Reached skill level 15 in Spellcasting
108505 | Zot:5    | Noticed a curse toe
108508 | Zot:5    | Noticed an ancient lich
108528 | Zot:5    | Noticed a dread lich
108531 | Zot:5    | Noticed a curse toe
108531 | Zot:5    | Noticed a curse toe
108535 | Zot:5    | Killed a dread lich
108536 | Zot:5    | Reached XP level 27. HP: 137/225 MP: 32/48
108551 | Zot:5    | Killed an ancient lich
108735 | Zot:5    | Reached skill level 11 in Ranged Weapons
108766 | Zot:5    | Killed a curse toe
109022 | Zot:5    | Noticed an orb of fire
109038 | Zot:5    | Killed an orb of fire
109042 | Zot:5    | Reached skill level 23 in Dodging
109083 | Zot:5    | Killed an electric golem
109088 | Zot:5    | Noticed a dread lich
109099 | Zot:5    | Killed a dread lich
109116 | Zot:5    | Identified the +0 helmet "Yfiapp" {Rampage Str+5 SInv}
109202 | Zot:5    | Noticed an ancient lich
109205 | Zot:5    | Noticed an orb of fire
109223 | Zot:5    | Noticed an ancient lich
109232 | Zot:5    | Killed an orb of fire
109240 | Zot:5    | Killed an ancient lich
109247 | Zot:5    | Killed an ancient lich
109248 | Zot:5    | Reached skill level 15 in Fighting
109249 | Zot:5    | Reached skill level 12 in Ranged Weapons
109256 | Zot:5    | Noticed a dread lich
109266 | Zot:5    | Killed a dread lich
109279 | Zot:5    | Learned a level 3 spell: Portal Projectile
109279 | Zot:5    | Noticed an electric golem
109284 | Zot:5    | Noticed a dread lich
109291 | Zot:5    | Killed a dread lich
109296 | Zot:5    | Killed an electric golem
110043 | Depths:2 | Reached skill level 13 in Ranged Weapons
110291 | Depths:2 | Noticed a juggernaut
110297 | Depths:2 | Killed a juggernaut
110313 | Depths:2 | Found the +2 hood of the Assassin {Detect Stab+ Stlth++}
110339 | Depths:2 | Noticed a caustic shrike
110350 | Depths:2 | Killed a caustic shrike
110357 | Depths:2 | Learned a level 3 spell: Vhi's Electric Charge
110805 | Depths:1 | Voluntarily entered the Abyss.
111031 | Abyss:3  | Reached skill level 14 in Ranged Weapons
111233 | Abyss:3  | Noticed a dread lich
111246 | Abyss:3  | Killed a dread lich
111291 | Abyss:3  | Reached skill level 16 in Fighting
111358 | Abyss:3  | Identified the +1 ring mail "Ysaupp" {rPois rF+++ MP-9
                  | Dex+2}
111360 | Abyss:3  | Identified the +1 chain mail "Hegoyxex" {MP+9}
111362 | Abyss:3  | Identified the +6 spear of Annoyance {heavy, rF++ Stlth+}
111389 | Abyss:3  | Identified the +2 ring mail "Enwoog" {rC+ rCorr Dex+3}
111702 | Abyss:3  | Reached skill level 15 in Ranged Weapons
112080 | Abyss:3  | Reached skill level 24 in Dodging
112462 | Abyss:3  | Reached skill level 16 in Ranged Weapons
112839 | Abyss:3  | Reached skill level 17 in Fighting
113127 | Abyss:3  | Reached skill level 17 in Ranged Weapons
113415 | Abyss:3  | Noticed an ancient lich
113427 | Abyss:3  | Killed an ancient lich
113666 | Depths:1 | You pass through the gate.
113666 | Depths:1 | Escaped the Abyss
113678 | Depths:1 | Voluntarily entered the Abyss.
113848 | Abyss:3  | Reached skill level 18 in Ranged Weapons
114304 | Abyss:3  | Reached skill level 18 in Fighting
114494 | Abyss:3  | Reached skill level 19 in Ranged Weapons
114993 | Abyss:3  | Reached skill level 20 in Ranged Weapons
115601 | Abyss:3  | Reached skill level 21 in Ranged Weapons
116319 | Abyss:3  | Reached skill level 22 in Ranged Weapons
116480 | Abyss:3  | Reached skill level 1 in Conjurations
116480 | Abyss:3  | Reached skill level 3 in Hexes
116649 | Abyss:3  | Reached skill level 2 in Conjurations
116858 | Abyss:3  | Reached skill level 4 in Hexes
117092 | Abyss:3  | Reached skill level 14 in Stealth
117092 | Abyss:3  | Reached skill level 3 in Conjurations
117145 | Abyss:3  | Reached skill level 13 in Evocations
117259 | Abyss:3  | Noticed a dread lich
117266 | Abyss:3  | Killed a dread lich
117542 | Depths:1 | You pass through the gate.
117542 | Depths:1 | Escaped the Abyss
117873 | Pan      | Entered Pandemonium
118104 | Pan      | Reached skill level 5 in Hexes
118163 | Pan      | Reached skill level 4 in Conjurations
118432 | Pan      | Noticed Mumem the pandemonium lord
118447 | Pan      | Killed Mumem the pandemonium lord
118834 | Pan      | Found a transporter.
118982 | Pan      | Reached skill level 15 in Stealth
118994 | Pan      | Found a transporter.
119104 | Pan      | Reached skill level 14 in Evocations
119269 | Pan      | Reached skill level 5 in Conjurations
120245 | Pan      | Identified the ring "Yneg" {Fly MP+9}
120255 | Pan      | Identified the ring of Noon {Drain rElec rN+ Dex+4 SInv}
120992 | Pan      | Reached skill level 15 in Evocations
121325 | Pan      | Noticed Yghuist the pandemonium lord
121343 | Pan      | Killed Yghuist the pandemonium lord
121369 | Pan      | Reached skill level 19 in Fighting
121860 | Pan      | Reached skill level 16 in Stealth
122053 | Pan      | Noticed Donumab the pandemonium lord
122084 | Pan      | Killed Donumab the pandemonium lord
123165 | Pan      | Identified the ring "Zigawif" {rElec rPois rCorr Str+2
                  | Stlth+}
123261 | Pan      | Noticed Qunor the pandemonium lord
123277 | Pan      | Killed Qunor the pandemonium lord
124239 | Pan      | Reached skill level 17 in Stealth
124420 | Depths:2 | You pass through the gate.
124420 | Depths:2 | Escaped Pandemonium
124430 | Pan      | Entered Pandemonium
124704 | Pan      | Reached skill level 20 in Fighting
125084 | Pan      | Noticed Zechixol the pandemonium lord
125128 | Pan      | Killed Zechixol the pandemonium lord
125149 | Pan      | Got a demonic rune of Zot
125493 | Pan      | Reached skill level 18 in Stealth
125666 | Pan      | Found a runed translucent door.
125974 | Pan      | Found a runed translucent door.
125981 | Pan      | Found a runed translucent door.
125993 | Pan      | Found a runed translucent door.
126011 | Pan      | Noticed Lozinaro the pandemonium lord
126052 | Pan      | Killed Lozinaro the pandemonium lord
126118 | Pan      | Identified the +1 pair of boots of Wrong Decisions {Dex+4}
126124 | Pan      | Identified the +7 ring mail of Pialaffe {Str+3}
126197 | Pan      | Noticed Tyow Ukh the pandemonium lord
126212 | Pan      | Killed Tyow Ukh the pandemonium lord
126797 | Pan      | Identified the +7 flail of Ignis's Wrath {venom, rF+++ rC-
                  | Str-4 Stlth+}
126799 | Pan      | Found an exit through the horrors of the Abyss.
127177 | Pan      | Noticed Jommuuf the pandemonium lord
127194 | Pan      | Killed Jommuuf the pandemonium lord
127497 | Pan      | Learned a level 3 spell: Swiftness
127512 | Pan      | Identified the +2 sling of the Twisting Wasp {flame, rElec
                  | rC+ Int+5}
127630 | Pan      | Reached skill level 6 in Hexes
127942 | Pan      | Entered the realm of Cerebov.
127945 | Pan      | Reached skill level 1 in Air Magic
127954 | Pan      | Reached skill level 21 in Fighting
127976 | Pan      | Got a fiery rune of Zot
127976 | Pan      | Found the +6 sword of Cerebov {flame}
127976 | Pan      | Noticed Cerebov
127997 | Pan      | Killed Cerebov
127998 | Pan      | Reached skill level 2 in Air Magic
128050 | Pan      | Reached skill level 7 in Hexes
128178 | Pan      | Identified the +5 broad axe of a Labyrinth {heavy, Drain
                  | rN++ Dex+4}
128244 | Pan      | Identified the +9 great sword of Runged {heavy, rElec}
128250 | Pan      | Identified the +1 cloak "Masuhaaqi" {Harm rN++ Will- Str-5}
128267 | Pan      | Identified the amulet of Nemelex Xobeh's Esteem {rPois
                  | Regen+}
128289 | Pan      | Identified the +6 lajatang "Spiderbane" {antimagic, rElec}
128455 | Pan      | Found an exit through the horrors of the Abyss.
128822 | Pan      | Reached skill level 3 in Air Magic
129488 | Pan      | Reached skill level 8 in Hexes
129776 | Pan      | Found an exit through the horrors of the Abyss.
129929 | Pan      | Reached skill level 25 in Dodging
130237 | Pan      | Noticed Haereobb the pandemonium lord
130240 | Pan      | Reached skill level 4 in Air Magic
130247 | Pan      | Killed Haereobb the pandemonium lord
130712 | Pan      | Entered the realm of Mnoleg.
130712 | Pan      | Noticed Mnoleg
131007 | Pan      | Reached skill level 9 in Hexes
131374 | Pan      | Paralysed by a floating eye for 4 turns
131390 | Pan      | Killed Mnoleg
131474 | Pan      | Got a glowing rune of Zot
131488 | Pan      | Reached skill level 5 in Air Magic
131881 | Pan      | Entered the realm of Gloorx Vloq.
131949 | Pan      | Reached skill level 10 in Hexes
132091 | Pan      | Found an exit through the horrors of the Abyss.
132216 | Pan      | Noticed a curse skull
132218 | Pan      | Killed a curse skull
132235 | Pan      | Noticed Gloorx Vloq
132248 | Pan      | Killed from afar by Gloorx Vloq

Vanquished Creatures
  Cerebov (Pan)
  Dissolution (Slime:1)
  the Royal Jelly (Slime:5)
  Mnoleg (Pan)
  7 dread liches (Abyss:1 Zot:5 Abyss:3)
  5 ancient liches (Vaults:5 Zot:5 Abyss:3)
  5 orbs of fire (Zot:2 Zot:3 Zot:5)
  Mennas (Vaults:4)
  A juggernaut (Depths:2)
  A royal mummy (Tomb:1)
  Sojobo (Vaults:4)
  5 Killer Klowns (Zot:1 Zot:3 Zot:5)
  Boris (4 times) (Vaults:3 Depths:3 Crypt:2 Vaults:4)
  Saint Roka (Vaults:4)
  Frederick (Vaults:2)
  Parghit (Zot:1)
  A caustic shrike (Depths:2)
  Bai Suzhen (Vaults:4)
  The ghost of Vetoew the Black Belt, a veteran DsSu of Jiyva (Crypt:2)
  Geryon (Hell)
  6 golden dragons (Zot:1 Vaults:5 Zot:2 Zot:5)
  3 curse toes (Zot:3 Zot:4 Zot:5)
  Nikola (Shoals:2)
  5 profane servitors (Abyss:3)
  22 bone dragons (Depths:4 Abyss:1 Abyss:2 Abyss:3)
  8 Brimstone Fiends (Pan)
  7 Tzitzimimeh (Pan)
  Arachne (Spider:3)
  3 electric golems (Zot:3 Zot:5)
  2 doom hounds (Crypt:3)
  Zenata (Vaults:4)
  3 hellephants (Abyss:3 Pan)
  25 tentacled monstrosities (Vaults:4 Zot:1 Vaults:5 Abyss:1 Zot:2)
  Mlioglotl (Shoals:2)
  11 Hell Sentinels (Abyss:3 Pan)
  4 Ice Fiends (Pan)
  Jorgrun (Spider:3)
  11 liches (Vaults:5 Abyss:1 Abyss:2 Depths:2 Abyss:3)
  25 Orb Guardians (Zot:5)
  Asterion (Depths:1)
  7 quicksilver dragons (WizLab Zot:1 Abyss:2 Zot:2 Zot:3)
  A walking earthen tome (Abyss:3)
  A moon troll (WizLab)
  3 titans (Vaults:5 Depths:2)
  The ghost of Newt the Skirmisher, an adept DsGl of Hepliaklqana (Shoals:3)
  5 deep elf blademasters (Elf:3 Elf:2)
  9 pandemonium lords (Pan)
  2 deep elf master archers (Elf:3)
  The ghost of Feshunla the Bewitcher, an adept KoEn of Dithmenos (Vaults:4)
  The ghost of Feshunla the Bewitcher, an adept KoEn of Dithmenos (Vaults:2)
  4 ancient champions (Crypt:1 Crypt:3 Crypt:2)
  18 Executioners (Abyss:1 Abyss:3 Abyss:4 Pan)
  Grunn (Crypt:3)
  A kraken (Shoals:2)
  22 acid blobs (Slime:1 Slime:2 Slime:3 Slime:4 Slime:5)
  5 sphinxes (Vaults:3 Tomb:1 Depths:2)
  A thorn hunter (Abyss:3)
  59 tentacled starspawn (WizLab Abyss:1 Abyss:2 Abyss:3 Abyss:4)
  15 storm dragons (Depths:4 Zot:1 Vaults:5 Zot:2 Zot:3)
  9 death cobs (Zot:1 Zot:2 Zot:3 Zot:4)
  12 shadow dragons (Depths:4 Zot:1 Vaults:5 Zot:2 Zot:3)
  13 draconian monks (Zot:1 Abyss:2 Zot:2 Zot:3 Zot:4)
  Kirke (Shoals:2)
  12 tengu reavers (Vaults:2 Vaults:4 Depths:2 Depths:4 Vaults:5)
  11 rockslimes (Slime:2 Slime:3 Slime:4 Slime:5)
  2 daevas (Abyss:1 Abyss:3)
  15 azure jellies (Slime:1 Slime:2 Slime:3 Slime:5 Slime:4)
  Donald (Shoals:1)
  7 revenants (Crypt:1 Hell Abyss:2 Tomb:1 Crypt:2)
  Ilsuiw (Shoals:2)
  18 fire giants (Vaults:3 Depths:1 Depths:2 Depths:3 Depths:4)
  4 frost giants (Depths:2 Depths:3 Depths:4 Vaults:5)
  4 draconian scorchers (Zot:1 Zot:2)
  5 emperor scorpions (Spider:1 Spider:4)
  4 draconian knights (Zot:1 Zot:2)
  8 demonspawn warmongers (Pan)
  5 ghost moths (Spider:1 Spider:4 Zot:2)
  8 deep elf sorcerers (Elf:3 Vaults:2 Vaults:5 Abyss:1 Abyss:3)
  3 iron dragons (Hell Vaults:5 Depths:2)
  30 balrugs (Abyss:3 Pan)
  A juggernaut zombie (Crypt:1)
  4 deep elf elementalists (Elf:3 Abyss:3)
  3 curse skulls (Crypt:2 Pan)
  17 vault wardens (Vaults:1 Vaults:2 Vaults:3 Vaults:4 Vaults:5)
  A caustic shrike zombie (Abyss:3)
  Louise (Elf:3)
  35 cacodemons (Vaults:4 WizLab Abyss:1 Abyss:3 Pan)
  Aizul (Shoals:4)
  9 draconian shifters (Depths:4 Zot:1 Zot:2 Zot:3 Zot:4)
  10 reapers (Hell Abyss:3 Pan)
  8 draconian annihilators (Zot:1 Zot:3 Zot:5 Abyss:3)
  3 orc warlords (Orc:1 Vaults:2 Vaults:4)
  5 draconian stormcallers (Zot:1 Zot:2 Zot:3 Abyss:3)
  2 ghouls (Crypt:1)
  23 ironbound preservers (Vaults:1 Vaults:2 Vaults:3 Vaults:4 Vaults:5)
  7 demonspawn blood saints (Pan)
  12 quicksilver oozes (Slime:2 Slime:3 Slime:5 Slime:4)
  3 spriggan defenders (Depths:2)
  A juggernaut skeleton (Pan)
  A caustic shrike skeleton (Abyss:3)
  4 demonspawn corrupters (Abyss:3 Pan)
  8 ironbound thunderhulks (Vaults:1 Vaults:2 Vaults:3 Vaults:4)
  61 very ugly things (Vaults:4 Depths:1 Depths:2 WizLab Depths:3)
  3 broodmothers (Spider:1 Spider:4)
  An ophan (Abyss:3)
  17 stone giants (Orc:1 Depths:1 Depths:2 WizLab Depths:3)
  7 war gargoyles (Vaults:1 Vaults:3 Vaults:4)
  6 starflowers (Abyss:3)
  26 vampire knights (Depths:2 Crypt:1 Crypt:2 Crypt:3)
  6 demonspawn black suns (Pan)
  2 bennus (Tomb:1)
  6 deep elf demonologists (Elf:2 Elf:3 Vaults:5 Abyss:3)
  4 deep elf annihilators (Elf:3)
  9 yellow draconians (Depths:4 Zot:1 Zot:2 Zot:3 Zot:4)
  A rockslime zombie (Crypt:1)
  16 green draconians (Depths:4 Zot:1 Zot:2 Zot:3 Zot:4)
  18 red draconians (Depths:4 Zot:1 Zot:2 Zot:3 Zot:4)
  18 black draconians (Depths:4 Zot:1 Zot:2 Zot:3 Zot:4)
  13 white draconians (Depths:3 Depths:4 Zot:1 Abyss:1 Zot:2)
  11 lorocyprocas (Hell Abyss:2 Abyss:3 Pan)
  128 starcursed masses (WizLab Abyss:1 Abyss:2 Abyss:3 Abyss:4)
  9 purple draconians (Depths:4 Zot:2 Zot:4 Zot:5)
  17 dire elephants (Vaults:1 Vaults:2 Vaults:4)
  9 spark wasps (Spider:1 Spider:2 Spider:4 Depths:3 Depths:2)
  24 ettins (Orc:1 Depths:1 Depths:2 Depths:4 Vaults:5)
  13 blizzard demons (Hell Abyss:1 Abyss:3 Pan)
  3 crystal guardians (WizLab)
  7 eidola (Crypt:1 Crypt:2 Crypt:3)
  4 merfolk javelineers (Shoals:2 Shoals:4)
  10 deep elf death magi (Elf:1 Elf:3 Crypt:1 Vaults:5)
  21 green deaths (Abyss:3 Pan)
  10 fire dragons (Lair:5 Depths:1 Depths:2 Depths:3)
  4 jiangshi (Crypt:1)
  31 great orbs of eyes (Vaults:1 Vaults:2 Vaults:3 Vaults:4 WizLab)
  10 entropy weavers (Spider:1 Spider:2 Spider:3 Vaults:1 Vaults:2)
  Josephine (Orc:2)
  14 merfolk impalers (Shoals:3 Shoals:4)
  9 yaktaur captains (Vaults:1 Vaults:2 Vaults:4 Vaults:5)
  5 deep elf high priests (Elf:3 Vaults:5 Vaults:4)
  23 vault guards (D:12 D:13 Vaults:5)
  16 rakshasas (Abyss:1 Depths:2 Abyss:3)
  10 mummy priests (Tomb:1)
  A fenstrider witch zombie (Crypt:1)
  Harold (D:9)
  Erolcha (Orc:2)
  A bennu zombie (Crypt:1)
  4 peacekeepers (Vaults:1 Vaults:3 Vaults:4)
  4 spriggan zombies (Abyss:2 Tomb:1 Abyss:3)
  8 ice dragons (Lair:5 Depths:2 Depths:3 Depths:4 Hell)
  5 merfolk avatars (Shoals:2 Shoals:3 Shoals:4)
  5 hydras (Lair:2 Lair:3 Lair:4 D:13)
  A radroach (Spider:4)
  7 hell beasts (Vaults:5 Pan)
  5 spriggan air magi (Depths:2 Depths:3 Depths:4)
  3 catoblepae (D:14 Shoals:2)
  An alligator snapping turtle (Shoals:2)
  26 centaur warriors (D:8 Orc:2 D:13 D:14 Shoals:2)
  8 ironbound frosthearts (IceCv Vaults:1 Vaults:2 Vaults:4)
  6 jorogumos (Spider:1 Spider:4)
  2 ogre magi (D:15 Vaults:5)
  5 two-headed ogres (D:9 Orc:1 Orc:2 D:15)
  27 dancing weapons (Elf:1 Elf:2 Elf:3 Crypt:3)
  An Orb Guardian skeleton (Crypt:2)
  5 tengu warriors (D:8 D:13 D:14 D:15 Depths:1)
  2 death knights (Crypt:2 Abyss:3)
  4 merfolk aquamancers (Shoals:3 Shoals:4)
  A satyr (shapeshifter) (D:8)
  A satyr (Shoals:3)
  6 deep troll earth magi (Vaults:4 Depths:2 Depths:4 Vaults:5)
  4 spriggan skeletons (Hell Abyss:3)
  9 boulder beetles (Lair:3 D:13 D:14 Spider:2 Vaults:1)
  Erica (D:10)
  10 death yaks (IceCv Lair:5)
  3 deep troll shamans (Depths:3 Depths:4)
  4 naga warriors (Abyss:3)
  9 death scarabs (Crypt:3 Tomb:1)
  An alligator snapping turtle (shapeshifter) (Vaults:5)
  2 orc high priests (Orc:1)
  9 vampire magi (Crypt:1 Crypt:2 Crypt:3)
  9 hell hogs (Abyss:3)
  5 titan zombies (Crypt:2 Crypt:3 Hell Abyss:3)
  6 spriggan berserkers (Depths:1 Depths:4 Depths:2)
  Nergalle (D:11)
  15 deep elf knights (Elf:1 Elf:2)
  Sonja (Lair:5)
  46 thrashing horrors (Abyss:1 Abyss:2 Abyss:3 Abyss:4)
  3 titan skeletons (Crypt:1 Abyss:1 Abyss:3)
  51 soul eaters (Crypt:3 Hell Abyss:3 Pan)
  Amaemon (Lair:2)
  14 hell knights (Depths:1 Vaults:5 Depths:2 Abyss:3)
  3 shadow wraiths (Abyss:3 Pan)
  104 sun demons (Hell Abyss:3 Pan)
  7 iron trolls (Depths:2 Depths:3 Depths:4)
  4 pharaoh ants (Spider:1 Spider:3 Spider:4)
  55 skeletal warriors (D:10 D:11 D:12 Vaults:2 Crypt:1)
  44 wretched stars (Abyss:1 Abyss:2 Abyss:3 Abyss:4)
  A goliath frog (Abyss:3)
  A salamander mystic (Depths:4)
  4 sun moths (Spider:1 Spider:4)
  2 anaconda zombies (Hell Abyss:1)
  14 sea snakes (Shoals:1 Shoals:2 Shoals:3 Shoals:4)
  39 sixfirhies (Abyss:1 Abyss:3 Pan)
  An orange crystal statue (WizLab)
  3 spatial maelstroms (Abyss:1 Abyss:3)
  A death drake (shapeshifter) (Abyss:3)
  2 iron giant zombies (Crypt:2 Crypt:3)
  6 flayed ghosts (Depths:4 Crypt:3 Vaults:5 Abyss:3)
  16 glowing orange brains (Vaults:4 Depths:2 WizLab Depths:4 Abyss:1)
  7 shadow demons (Abyss:1 Abyss:2 Abyss:3 Pan)
  15 orb spiders (Spider:2 Spider:3 Spider:4 Abyss:1 Abyss:3)
  2 kraken simulacra (Shoals:4 Hell)
  A tengu zombie (Crypt:2)
  57 deep trolls (Vaults:1 Vaults:2 Vaults:3 Vaults:4 Depths:2)
  12 ironbound convokers (Vaults:1 Vaults:2 Vaults:3 Vaults:4 Vaults:5)
  4 wizards (D:15 Vaults:2 Vaults:3)
  14 harpies (Shoals:1 Shoals:4 Vaults:1 Vaults:5)
  An iron giant skeleton (Abyss:3)
  13 deep elf archers (Elf:1 Elf:2 Elf:3)
  2 bog bodies (Crypt:1)
  5 steelbarb worms (Spider:1 Spider:3 Spider:4)
  A lindwurm (Lair:5)
  A swamp dragon (Lair:5)
  29 phantasmal warriors (Vaults:4 Crypt:1 Crypt:2 Crypt:3 Vaults:5)
  37 deep elf pyromancers (D:8 D:13 D:14 D:15 Elf:1)
  An obsidian statue (Zot:5)
  An anaconda skeleton (Hell)
  Pikel (D:8)
  2 bunyip skeletons (Abyss:3)
  25 wolf spiders (Spider:1 Spider:2 Spider:3 Spider:4)
  A fire giant zombie (Vaults:3)
  2 orc sorcerers (Orc:1 D:15)
  12 fauns (Shoals:1 Shoals:3)
  39 ugly things (D:7 D:11 D:12 D:14 D:13)
  7 shining eyes (Slime:1 Slime:3 Slime:4 Slime:5 Abyss:1)
  14 necromancers (D:15 Vaults:1 Vaults:3 Vaults:4 Depths:1)
  2 iron dragon zombies (Crypt:1 Hell)
  21 deep elf zephyrmancers (D:15 Elf:1 Elf:2 Elf:3)
  3 mana vipers (Abyss:3)
  8 orc knights (Orc:2 Vaults:2 Vaults:3 Vaults:5)
  2 centaur zombies (D:15 Crypt:3)
  3 stone giant zombies (Crypt:3 Hell)
  3 will-o-the-wisps (Abyss:3)
  8 cyclopes (D:8 Orc:2 D:13 D:14 D:15)
  25 manticores (D:14 Shoals:1 Shoals:2 Shoals:3 Shoals:4)
  5 salamanders (Depths:4 Abyss:3)
  2 ice statues (IceCv Hell)
  4 naga zombies (Crypt:1 Crypt:3 Abyss:1 Tomb:1)
  6 elephants (Lair:5)
  A tengu skeleton (Vaults:3)
  An oklob plant (Abyss:3)
  24 worldbinders (Abyss:1 Abyss:2 Abyss:3)
  43 moths of wrath (Spider:1 Spider:3 Spider:4 Shoals:3 Zot:1)
  7 merfolk sirens (Lair:2 Shoals:2 Shoals:3 Shoals:4)
  18 rust devils (D:6 Hell Abyss:3 Pan)
  74 smoke demons (Hell Abyss:1 Abyss:2 Abyss:3 Pan)
  11 eyes of devastation (WizLab Slime:5 Abyss:3 Pan)
  A torpor snail (shapeshifter) (Abyss:3)
  An iron dragon skeleton (Abyss:2)
  Maurice (D:10)
  A dire elephant zombie (Abyss:1)
  5 black mambas (Lair:1 Lair:2 Lair:5 Lair:4)
  21 vault sentinels (Vaults:1 Vaults:2 Vaults:3 Vaults:4 Vaults:5)
  4 guardian serpents (Abyss:1 Abyss:3)
  2 stone giant skeletons (Vaults:2 Hell)
  3 elephants (shapeshifter) (Vaults:5 Abyss:3)
  5 molten gargoyles (Hell)
  12 torpor snails (Lair:5 Spider:1 Spider:2 Spider:4)
  6 water nymphs (Shoals:1 Shoals:3)
  8 apocalypse crabs (Abyss:2 Abyss:3)
  2 gargoyles (D:12 D:13)
  A naga mage (D:15)
  9 cane toads (Lair:1 Lair:3 Lair:4 Lair:5)
  43 orange demons (Lair:2 Abyss:3 Pan)
  38 demonic crawlers (Spider:1 Spider:3 Spider:4 Hell Abyss:2)
  5 rime drakes (Lair:1 IceCv Lair:5)
  9 unseen horrors (D:11 D:12 Abyss:1 Abyss:3)
  29 hellions (Hell Abyss:3 Pan)
  A catoblepas zombie (Crypt:1)
  19 komodo dragons (D:7 Lair:1 Lair:2 Lair:5 Lair:4)
  2 alligator snapping turtle zombies (Crypt:3 Hell)
  Maggie (D:9)
  43 yaktaurs (Vaults:1 Vaults:2 Vaults:3 Vaults:4 Vaults:5)
  An unseen horror (shapeshifter) (Abyss:2)
  A purple draconian skeleton (Crypt:1)
  2 komodo dragons (shapeshifter) (Abyss:3)
  15 efreet (D:14 Abyss:3 Pan)
  An anaconda simulacrum (Abyss:3)
  11 freezing wraiths (D:15 Crypt:1 Crypt:2 Hell Vaults:5)
  2 tengu conjurers (D:11 D:15)
  10 ice devils (Lair:4 Depths:1 Abyss:1 Abyss:3 Pan)
  2 yaktaur skeletons (Vaults:1 Vaults:2)
  17 tormentors (Abyss:2 Abyss:3 Pan)
  7 guardian mummies (Crypt:1 Tomb:1)
  41 ancient zymes (Abyss:1 Abyss:2 Abyss:3)
  7 meliai (Spider:2 Spider:4)
  8 polar bears (Lair:1 IceCv Lair:5)
  5 hydra zombies (Crypt:3 Hell Abyss:3)
  A meliai (shapeshifter) (Elf:1)
  3 harpy zombies (Crypt:3 Hell Abyss:1)
  3 sea snake skeletons (Hell)
  A minotaur skeleton (Crypt:1)
  5 tyrant leeches (Lair:5 Abyss:3)
  6 trolls (D:10 D:11 D:12 Orc:2 Vaults:5)
  2 wolf spider simulacra (D:14)
  23 hellwings (Abyss:1 Abyss:2 Abyss:3 Pan)
  A polar bear (shapeshifter) (Vaults:4)
  2 silent spectres (Abyss:3)
  5 human skeletons (Vaults:2 Vaults:3 Crypt:1)
  5 wind drakes (Shoals:1 Shoals:2 Shoals:3 Shoals:4)
  7 red devils (Abyss:3 Pan)
  32 merfolk (Lair:2 Shoals:1 Shoals:2 Shoals:3 Shoals:4)
  A hydra skeleton (Hell)
  15 hornets (D:8 Lair:2 Lair:5 Depths:1)
  77 raiju (Abyss:1 Abyss:2 Abyss:3)
  2 blink frogs (shapeshifter) (Elf:3 Vaults:4)
  3 harpy skeletons (Hell Pan)
  15 tarantellas (Spider:1 Spider:4)
  109 slime creatures (D:12 D:8 D:13 Vaults:1 Vaults:4)
  A radroach zombie (Crypt:2)
  2 snapping turtles (shapeshifter) (Vaults:3 Vaults:5)
  2 ettin zombies (Crypt:3 Abyss:3)
  28 blink frogs (Lair:1 Lair:5 Lair:3 Abyss:3 Abyss:4)
  A dream sheep (shapeshifter) (Vaults:5)
  6 dream sheep (Lair:4 Lair:5)
  A fire dragon zombie (Abyss:1)
  7 snapping turtles (Shoals:2 Shoals:3 Shoals:4)
  A frost giant simulacrum (Vaults:1)
  A stone giant simulacrum (Crypt:1)
  An alligator zombie (Hell)
  21 flying skulls (Abyss:2 Abyss:3)
  A slime creature (shapeshifter) (Vaults:5)
  A jumping spider (shapeshifter) (Vaults:4)
  25 culicivoras (Lair:3 Spider:1 Spider:2 Spider:3 Spider:4)
  2 vampires (Abyss:3)
  4 air elementals (Elf:3)
  Sigmund (D:3)
  A culicivora (shapeshifter) (Abyss:3)
  5 shadows (D:13 Abyss:3)
  A centaur simulacrum (Crypt:2)
  13 water elementals (Shoals:2 Shoals:3 Shoals:4 Elf:3 Hell)
  37 jumping spiders (Lair:3 Spider:1 Spider:2 Spider:3 Spider:4)
  23 wraiths (D:9 D:10 D:11 D:12 Orc:2)
  An alligator skeleton (Hell)
  A dire elephant simulacrum (Abyss:3)
  40 yaks (D:8 D:7 D:10 D:12 D:11)
  3 elf skeletons (Vaults:1 Vaults:2)
  167 large abominations (Abyss:1 Abyss:2 Abyss:3 Abyss:4 Pan)
  2 spriggans (Depths:1)
  2 ettin skeletons (Abyss:3)
  An ushabti (Tomb:1)
  6 basilisks (Lair:1 Lair:3 Lair:5 Lair:4 D:13)
  2 wyverns (Lair:5)
  71 ynoxinuls (Abyss:1 Abyss:2 Abyss:3 Pan)
  5 fire elementals (Elf:2 Elf:3 Depths:4 Abyss:1 Abyss:3)
  A hog (Shoals:2)
  10 fire bats (Abyss:1 Abyss:3 Pan)
  A human (shapeshifter) (Vaults:4)
  72 redbacks (Lair:3 Spider:1 Spider:2 Spider:3 Spider:4)
  7 golden eyes (Abyss:3 Pan)
  11 vampire mosquitoes (D:11 D:12 D:14 D:13 D:15)
  3 steam dragons (D:4 D:7 D:8)
  A black mamba skeleton (Abyss:1)
  46 chaos spawn (Abyss:1 Abyss:2 Abyss:3 Pan)
  46 neqoxecs (WizLab Abyss:1 Abyss:2 Abyss:3 Abyss:4)
  Edmund (D:4)
  3 spatial vortices (Abyss:1 Abyss:3)
  6 acid dragons (D:9 D:11 D:12 Lair:5)
  2 glowing shapeshifter zombies (Vaults:3 Crypt:1)
  3 harpy simulacra (Hell Abyss:2 Abyss:3)
  4 nagas (Abyss:3)
  A two-headed ogre zombie (Crypt:3)
  2 wargs (Orc:2 Vaults:5)
  A water nymph zombie (Crypt:2)
  An entropy weaver zombie (Crypt:2)
  An acid dragon (shapeshifter) (Vaults:4)
  11 water moccasins (D:8 Lair:1 Lair:2 Lair:3 Lair:4)
  16 hell hounds (Hell Depths:1 Abyss:2 Abyss:3)
  3 floating eyes (Slime:4 Abyss:3)
  4 naga skeletons (Crypt:2 Pan)
  2 swamp drakes (Lair:5)
  2 floating eyes (shapeshifter) (Elf:3 Vaults:5)
  A lindwurm zombie (Crypt:3)
  4 ice beasts (D:5 D:8 D:7)
  2 sky beasts (Abyss:3)
  3 glowing shapeshifter skeletons (Vaults:2)
  51 orc warriors (D:6 D:5 D:11 Orc:1 Orc:2)
  A swamp drake (shapeshifter) (Vaults:5)
  7 ogres (D:4 D:7 Orc:2 D:15)
  7 human zombies (Vaults:1 Vaults:3 Crypt:1 Crypt:2)
  A tengu (shapeshifter) (Vaults:5)
  A wolf (shapeshifter) (Vaults:4)
  An ice dragon simulacrum (Hell)
  19 centaurs (D:7 D:9 D:10 D:11 Orc:2)
  24 wolves (IceCv Lair:5)
  7 boggarts (Vaults:1 Vaults:2)
  A lemure (D:7)
  8 bullfrogs (D:6 D:7 Lair:1 Lair:2 Lair:3)
  10 kobold brigands (D:8 D:9 Abyss:3)
  Blork the orc (D:5)
  A bullfrog (shapeshifter) (Vaults:4)
  4 necrophages (D:8 D:7 Crypt:1)
  3 earth elementals (Elf:1 Elf:3 Abyss:3)
  A yaktaur zombie (Crypt:1)
  3 gnoll sergeants (D:8 D:7 D:9)
  A komodo dragon skeleton (Crypt:3)
  2 naga simulacra (Hell Abyss:3)
  3 scorpions (D:3 D:8 D:7)
  3 wights (Abyss:3)
  74 small abominations (Abyss:1 Abyss:2 Abyss:3 Abyss:4)
  7 killer bees (D:7 D:9)
  2 oklob saplings (D:8)
  7 electric eels (D:10 Lair:1 Lair:2)
  A raiju skeleton (Crypt:2)
  A wolf zombie (Crypt:1)
  6 howler monkeys (D:5 D:7 D:9 D:12)
  2 crimson imps (Abyss:3)
  12 quasits (Abyss:1 Abyss:2 Abyss:3)
  13 iron imps (Abyss:1 Abyss:2 Abyss:3)
  2 jellies (D:6 Abyss:3)
  A wolf skeleton (Crypt:2)
  2 centaur skeletons (Crypt:3 Abyss:1)
  5 hounds (D:4 D:5 D:6)
  18 orc priests (D:4 D:5 D:12 Orc:1 Orc:2)
  Crazy Yiuf (D:3)
  A gnoll bouda (D:8)
  Jessica (D:2)
  15 iguanas (D:5 D:6 Lair:1 Lair:5)
  Natasha (thrice) (D:3)
  Terence (D:3)
  23 orc wizards (D:7 D:9 D:12 D:11 Orc:1)
  4 hell rats (Depths:1 Hell)
  11 mummies (Crypt:1 Tomb:1)
  A boggart simulacrum (D:15)
  Robin (D:2)
  20 gnolls (D:8 D:7 D:9)
  11 adders (D:2 D:3 D:4 D:6 D:8)
  2 shadow imps (D:6 Abyss:3)
  17 white imps (Abyss:1 Abyss:2 Abyss:3)
  A howler monkey simulacrum (D:8)
  14 ufetubi (D:6 Abyss:2 Abyss:3)
  A worm (shapeshifter) (Vaults:4)
  A worm (D:2)
  3 dart slugs (D:3 D:4 D:5)
  100 orcs (D:2 D:3 D:4 D:5 D:7)
  A bat skeleton (Crypt:3)
  4 endoplasms (D:2 D:4)
  6 giant cockroaches (D:1 D:4)
  19 goblins (D:1 D:2 D:3 D:4 D:8)
  4 hobgoblins (D:1 D:2 D:4)
  2 jackals (D:8)
  A jackal (shapeshifter) (Vaults:4)
  18 kobolds (D:1 D:3 D:8 D:9)
  4 quokkas (D:1 D:3 D:4)
  A river rat zombie (Crypt:3)
  10 ball pythons (D:1 D:3 D:4 D:8)
  6 bats (D:1 D:2 D:3)
  3 frilled lizards (D:1 D:3)
  5 rats (D:1 D:2)
  A spectral orc (D:14)
  A butterfly (Lair:2)
  13 lurking horrors (Abyss:1 Abyss:2 Abyss:3)
  21 starspawn tentacles (Abyss:2 Abyss:3 Abyss:4)
  A tentacle (Shoals:4)
4647 creatures vanquished.

Vanquished Creatures (collateral kills)
  4 sphinxes (Tomb:1)
  A fire giant (Vaults:5)
  A vault warden (Vaults:5)
  A stone giant (Vaults:5)
  An ironbound preserver (Vaults:5)
  An ettin (Vaults:5)
  2 mummy priests (Tomb:1)
  2 yaktaur captains (Vaults:5)
  4 vault guards (Vaults:5)
  2 death scarabs (Tomb:1)
  2 deep trolls (Vaults:5)
  A stone giant zombie (Tomb:1)
  2 yaktaurs (Vaults:5)
  5 guardian mummies (Tomb:1)
  2 ushabtiu (Tomb:1)
  2 redbacks (Vaults:5)
  2 mummies (Tomb:1)
35 creatures vanquished.

Vanquished Creatures (others)
  A golden dragon (Zot:3)
  An eldritch tentacle (Pan)
  A war gargoyle (Vaults:5)
  A stone giant (Vaults:4)
  A white draconian (Zot:2)
  A vault guard (Vaults:5)
  A centaur warrior (Vaults:4)
  A dancing weapon (Elf:2)
  A wretched star (Abyss:1)
  An orb spider (Spider:4)
  2 sphinx zombies (Tomb:1)
  5 death scarab zombies (Tomb:1)
  A smoke demon (Abyss:1)
  A centaur skeleton (D:15)
  A raiju (Abyss:1)
  A flying skull (Abyss:3)
  A ynoxinul (Pan)
  2 water elementals (Shoals:3 Elf:3)
  A human (Shoals:2)
  A small abomination (Abyss:1)
  A quasit (Abyss:1)
  A bush (Abyss:3)
  4 demonic plants (WizLab)
  5 foxfires (Abyss:3)
  33 fungi (D:9 Lair:1 Lair:2 Lair:5 Lair:4)
  2 lurking horrors (Abyss:1 Abyss:2)
  100 plants (D:8 Lair:1 Lair:5 Lair:3 Lair:4)
  75 starspawn tentacles (WizLab Abyss:1 Abyss:2 Abyss:3 Abyss:4)
  10 tentacles (Shoals:4 Hell)
257 creatures vanquished.

Grand Total: 4939 creatures vanquished

Table legend: (Time is in decaauts)
 A = Elapsed time spent in this place.
 B = Non-inter-level travel time spent in this place.
 C = Inter-level travel time spent in this place.
 D = Time resting spent in this place.
 E = Time spent auto-exploring this place.
 F = Levels seen in this place.
 G = Mean time per level.
                   A        B        C        D        E       F      G
               +--------+--------+--------+--------+--------+-----+--------+
         Total | 127236 | 102746 |  24490 |  17378 |  39324 |  80 | 1590.4 |
       Dungeon |  28440 |  19066 |   9374 |   3738 |   8857 |  15 | 1896.0 |
          Lair |   9687 |   6826 |   2861 |   1486 |   3348 |   5 | 1937.4 |
        Shoals |   7895 |   6497 |   1398 |   1576 |   1574 |   4 | 1973.8 |
   Spider Nest |   6792 |   6010 |    782 |   1254 |   1781 |   4 | 1698.0 |
    Slime Pits |   5468 |   4536 |    932 |   1219 |   1575 |   5 | 1093.6 |
  Orcish Mines |   3318 |   2636 |    682 |    626 |    891 |   2 | 1659.0 |
   Elven Halls |   5412 |   4488 |    924 |   1295 |   1455 |   3 | 1804.0 |
        Vaults |  14897 |  10881 |   4016 |   2205 |   4611 |   5 | 2979.4 |
         Crypt |   3983 |   3312 |    671 |    479 |   1241 |   3 | 1327.7 |
          Tomb |    917 |    823 |     94 |     31 |    250 |   1 |  917.0 |
        Depths |   7582 |   5429 |   2153 |    749 |   3197 |   4 | 1895.5 |
          Hell |    745 |    744 |      1 |     17 |    349 |   1 |  745.0 |
           Zot |   8455 |   7857 |    598 |   1257 |   4449 |   5 | 1691.0 |
         Abyss |   7839 |   7839 |      0 |     64 |      0 |   6 | 1306.5 |
   Pandemonium |  12846 |  12846 |      0 |    819 |   5492 |  13 |  988.2 |
        Bazaar |    118 |    118 |      0 |      0 |     56 |   1 |  118.0 |
         Trove |     97 |     97 |      0 |      0 |     19 |   1 |   97.0 |
      Ice Cave |   1367 |   1367 |      0 |    339 |     98 |   1 | 1367.0 |
        Wizlab |   1370 |   1370 |      0 |    221 |     77 |   1 | 1370.0 |
               +--------+--------+--------+--------+--------+-----+--------+

Top non-repeatable levels by time:
 Abyss:3: 5298 daAuts
Vaults:4: 3987 daAuts
     D:9: 3457 daAuts
Vaults:3: 3023 daAuts
Vaults:2: 2979 daAuts
  Lair:2: 2842 daAuts
    D:10: 2818 daAuts
Vaults:1: 2721 daAuts
Spider:4: 2660 daAuts
Depths:2: 2592 daAuts
Shoals:3: 2579 daAuts
     D:8: 2546 daAuts
   Elf:3: 2467 daAuts
    D:15: 2447 daAuts
    D:11: 2433 daAuts

Table legend:
 A = Non-vault XP
 B = Vault XP
 C = Vault XP percentage of total XP
 D = Non-vault monster count
 E = Vault monster count
 F = Vault count percentage of total count
                 A         B        C        D         E       F
            +---------+---------+-------+---------+---------+-------
      Total | 1806115 | 1104710 |  38.0 |    3237 |    1395 |  30.1
            +---------+---------+-------+---------+---------+-------
        D:1 |      32 |       0 |   0.0 |      21 |       0 |   0.0
        D:2 |      30 |      75 |  71.4 |       9 |      14 |  60.9
        D:3 |     189 |     337 |  64.1 |      16 |       5 |  23.8
        D:4 |     536 |     171 |  24.2 |      30 |       1 |   3.2
        D:5 |     362 |     219 |  37.7 |      11 |       2 |  15.4
        D:6 |     293 |    1122 |  79.3 |       8 |       4 |  33.3
        D:7 |    3383 |     133 |   3.8 |      29 |       3 |   9.4
        D:8 |    2020 |    5732 |  73.9 |      26 |      30 |  53.6
        D:9 |    2306 |    1246 |  35.1 |      32 |       4 |  11.1
       D:10 |    4881 |    1275 |  20.7 |      17 |       2 |  10.5
       D:11 |    6057 |    1409 |  18.9 |      16 |       5 |  23.8
       D:12 |    6307 |    1443 |  18.6 |      24 |       2 |   7.7
       D:13 |    7119 |    6242 |  46.7 |      18 |      10 |  35.7
       D:14 |   13688 |       1 |   0.0 |      28 |       1 |   3.4
       D:15 |    6183 |    3650 |  37.1 |      15 |       8 |  34.8
     Lair:1 |    4947 |    3054 |  38.2 |      20 |      16 |  44.4
     Lair:2 |    2931 |    3671 |  55.6 |      10 |      10 |  50.0
     Lair:3 |    4484 |    2709 |  37.7 |      12 |      10 |  45.5
     Lair:4 |    3414 |    1324 |  27.9 |       9 |       5 |  35.7
     Lair:5 |    9612 |   14864 |  60.7 |      32 |      42 |  56.8
   Shoals:1 |   11442 |    1341 |  10.5 |      22 |       1 |   4.3
   Shoals:2 |    7570 |   13805 |  64.6 |      13 |      14 |  51.9
   Shoals:3 |   21268 |    7664 |  26.5 |      43 |      12 |  21.8
   Shoals:4 |   10022 |   23163 |  69.8 |      21 |      38 |  64.4
   Spider:1 |   20447 |    4165 |  16.9 |      48 |      10 |  17.2
   Spider:2 |   12474 |       0 |   0.0 |      42 |       0 |   0.0
   Spider:3 |   10094 |    3893 |  27.8 |      28 |       2 |   6.7
   Spider:4 |   25452 |   26257 |  50.8 |      62 |      49 |  44.1
    Slime:1 |   15387 |    7678 |  33.3 |      27 |       1 |   3.6
    Slime:2 |    8450 |       0 |   0.0 |      11 |       0 |   0.0
    Slime:3 |   19497 |     894 |   4.4 |      30 |       3 |   9.1
    Slime:4 |    9933 |    3186 |  24.3 |      16 |       2 |  11.1
    Slime:5 |   13059 |   20630 |  61.2 |      27 |      14 |  34.1
      Orc:1 |    3127 |    5843 |  65.1 |      35 |      34 |  49.3
      Orc:2 |    3494 |    8105 |  69.9 |      42 |      43 |  50.6
      Elf:1 |   12021 |   10281 |  46.1 |      19 |      16 |  45.7
      Elf:2 |   16669 |   22092 |  57.0 |      26 |      28 |  51.9
      Elf:3 |   15951 |   28359 |  64.0 |      32 |      25 |  43.9
   Vaults:1 |   17478 |   37504 |  68.2 |      29 |      62 |  68.1
   Vaults:2 |   30614 |   38039 |  55.4 |      42 |      50 |  54.3
   Vaults:3 |   28223 |   17370 |  38.1 |      39 |      21 |  35.0
   Vaults:4 |   25732 |   71499 |  73.5 |      40 |      78 |  66.1
   Vaults:5 |   22662 |  111753 |  83.1 |      49 |     108 |  68.8
    Crypt:1 |   34321 |       0 |   0.0 |      54 |       0 |   0.0
    Crypt:2 |   26432 |   12492 |  32.1 |      39 |      11 |  22.0
    Crypt:3 |    9081 |   57299 |  86.3 |      16 |      75 |  82.4
     Tomb:1 |   11718 |   30290 |  72.1 |      25 |      35 |  58.3
   Depths:1 |   12706 |   10210 |  44.6 |      19 |      11 |  36.7
   Depths:2 |   31989 |   51311 |  61.6 |      36 |      41 |  53.2
   Depths:3 |   31942 |     988 |   3.0 |      31 |       1 |   3.1
   Depths:4 |   25510 |   16139 |  38.8 |      31 |      14 |  31.1
       Hell |   17463 |   22484 |  56.3 |      37 |      39 |  51.3
      Zot:1 |   35264 |   37943 |  51.8 |      35 |      26 |  42.6
      Zot:2 |   64989 |       0 |   0.0 |      57 |       0 |   0.0
      Zot:3 |   49149 |       0 |   0.0 |      37 |       0 |   0.0
      Zot:4 |   26182 |       0 |   0.0 |      23 |       0 |   0.0
      Zot:5 |   25629 |  107678 |  80.8 |      21 |      44 |  67.7
    Abyss:1 |  100559 |       0 |   0.0 |     177 |       0 |   0.0
    Abyss:2 |   44083 |       0 |   0.0 |      86 |       0 |   0.0
    Abyss:3 |  469500 |   45465 |   8.8 |     864 |      64 |   6.9
    Abyss:4 |   12033 |       0 |   0.0 |      18 |       0 |   0.0
        Pan |  334898 |  145559 |  30.3 |     499 |     152 |  23.3
      IceCv |       0 |   15229 | 100.0 |       0 |      55 | 100.0
     WizLab |    2827 |   39425 |  93.3 |       6 |      42 |  87.5
            +---------+---------+-------+---------+---------+-------
